 Dungeon Crawl Stone Soup version 0.31-a0-1202-ga8fea8b373 (webtiles) character file.

Game seed: 8657936002080009059

1505429 EnegeticOcto the Acrobat (level 25, 215/215 HPs)
             Began as a Felid Chaos Knight on Dec 7, 2023.
             Was a Favourite Plaything of Xom.
             Escaped with the Orb
             ... and 3 runes on Dec 12, 2023!
             The game lasted 03:47:28 (82945 turns).

EnegeticOcto the Acrobat (Felid Chaos Knight)      Turns: 82945, Time: 03:47:28

Health: 215/215    AC: 29    Str:  6    XL:     25   Next: 53%
Magic:  40/40      EV: 44    Int: 26    God:    Xom [*.....]
Gold:   4473       SH:  4    Dex: 26    Spells: 6/48 levels left
                                        Lives:  2   Deaths: 7

rFire   + .          .
                       - Unarmed
rCold   + . .        (shield unavailable)
rNeg    + . .        (body armour unavailable)
rPois   ∞            (helmet unavailable)
rElec   +            (cloak unavailable)
rCorr   +            (gloves unavailable)
SInv    +            (boots unavailable)
Will    ++++.        M - amulet of regeneration
Stlth   ++           A - ring "Roonuicw" {^Drain rC+ rCorr Dex+2 SInv, =R}
HPRegen 1.35/turn    m - ring of protection from fire
MPRegen 0.27/turn

%: clarity
@: statue-form, studying Fighting, very slow
A: slow and powerful, torment resistance 1, boosted hp, very small, claws 1,
fangs 3, see invisible, (shaggy fur 3), stealthy paws, no weapons or thrown
items, no armour, multi-lived, horns 1, large bone plates 1, clarity, clever 2,
strong-willed 1, sense surroundings 2, robust 1, subdued magic 1, inability to
drink after injury 1, noise suppression
0: Orb of Zot
}: 3/15 runes: decaying, silver, gossamer
a: Begin Untransformation, Renounce Religion


You escaped.
You worshipped Xom.
You were a special plaything of Xom.
You were a living statue of rough stone.
You visited 10 branches of the dungeon, and saw 50 of its levels.
You visited the Abyss 2 times.
You visited 1 ziggurat, and saw 5 of its levels.

You collected 9033 gold pieces.
You spent 4560 gold pieces at shops.

Inventory:

Jewellery
 d - a ring of willpower
   (You found it on level 1 of the Dungeon)
 m - a ring of protection from fire (right paw)
   (You bought it in a shop on level 5 of the Vaults)
 t - a ring of protection from fire
   (You bought it in a shop on level 5 of the Vaults)
 A - the ring "Roonuicw" (left paw) {^Drain rC+ rCorr Dex+2 SInv, =R}
   (You found it on level 4 of a ziggurat)

   [ring of resist corrosion]

   Dex+2:     It affects your dexterity (+2).
   rC+:       It protects you from cold.
   SInv:      It lets you see invisible.
   rCorr:     It protects you from acid and corrosion.
   ^Drain:    It drains your maximum health when unequipped.
 E - a +6 ring of dexterity
   (You found it on level 4 of the Abyss)
 J - the ring "Toje" {rN+ Str+5 Dex+5 Slay-4}
   (You found it on level 3 of the Crypt)

   [ring of positive energy]

   Str+5:     It affects your strength (+5).
   Dex+5:     It affects your dexterity (+5).
   Slay-4:    It affects your accuracy & damage with ranged weapons and melee
   (-4).
   rN+:       It protects you from negative energy.
 M - an amulet of regeneration (around neck)
   (You found it on level 12 of the Dungeon)
 W - the ring of Amorality {Fire rN++ Stlth+}
   (You took it off an ironbound thunderhulk on level 2 of the Vaults)

   [ring of fire]

   Fire:      It enhances your fire magic.
   rF+:       It protects you from fire.
   rC-:       It makes you vulnerable to cold.
   rN++:      It greatly protects you from negative energy.
   Stlth+:    It makes you more stealthy.
Talismans
 T - a granite talisman (active)
   (You took it off Roxanne on level 3 of the Elven Halls)
Wands
 w - a wand of flame (100) {@v4}
   (You took it off Maurice on level 7 of the Dungeon)
 C - a wand of paralysis (56)
   (You found it on level 8 of the Dungeon)
 D - a wand of polymorph (33)
   (You found it on level 1 of the Lair of Beasts)
 H - a wand of iceblast (20) {@v2}
   (You found it on level 4 of the Lair of Beasts)
 I - a wand of quicksilver (25) {@v1}
   (You found it on level 5 of the Lair of Beasts)
 L - a wand of digging (18) {@v3}
   (You found it on level 11 of the Dungeon)
 Q - a wand of mindburst (7)
   (You took it off a kobold brigand on level 6 of the Dungeon)
Scrolls
 a - 5 scrolls of poison
 b - 7 scrolls of vulnerability
 e - 12 scrolls of fog {!r}
 g - 3 scrolls of silence {!r}
 h - 8 scrolls of fear {!r}
 i - 8 scrolls of immolation
 j - 21 scrolls of teleportation {@r3 !r}
 s - 2 scrolls of revelation {@r5 !r}
 u - 4 scrolls of blinking {@r4}
 v - a scroll of torment
 x - 10 scrolls of butterflies
 B - 15 scrolls of amnesia
Potions
 c - 13 potions of curing {@q1 !q}
 k - 5 potions of attraction
 l - 3 potions of invisibility
 n - 5 potions of enlightenment
 o - 11 potions of magic
 p - 4 potions of haste {@q4 !q}
 q - 10 potions of lignification {@q6}
 r - 7 potions of might {@q3 !q}
 z - 3 potions of heal wounds {@q2 !q}
 F - a potion of resistance
 G - 3 potions of cancellation
 O - 6 potions of ambrosia
 P - 3 potions of brilliance
Miscellaneous
 y - a condenser vane
   (You bought it in a shop on level 11 of the Dungeon)
 K - a lightning rod (4/4)
   (You found it on level 5 of the Vaults)
 N - a phantom mirror
   (You found it on level 5 of the Vaults)
 V - a box of beasts
   (You found it on level 2 of the Vaults)
 X - a phial of floods
   (You found it on level 2 of the Vaults)


   Skills:
 + Level 21.8 Fighting
 - Level 22.1 Dodging
 - Level 9.0 Stealth
 - Level 21.0 Unarmed Combat
 - Level 12.0 Spellcasting
 - Level 8.0 Conjurations
 - Level 12.0 Hexes
 - Level 13.0 Translocations
 - Level 12.5 Transmutations
 - Level 8.0 Ice Magic
 - Level 4.0 Air Magic
 - Level 2.0 Earth Magic
 - Level 12.0 Evocations
 + Level 17.8 Shapeshifting


You had 6 spell levels left.
You knew the following spells:

 Your Spells              Type           Power      Damage    Failure   Level
a - Ensorcelled Hibernat  Hex/Ice        100%       N/A       1%          2
b - Ozocubu's Armour      Ice            44%        N/A       1%          3
c - Manifold Assault      Tloc           59%        N/A       1%          4
d - Silence               Hex/Air        22%        N/A       2%          5
e - Dispersal             Tloc           29%        N/A       1%          6
f - Vhi's Electric Charg  Tloc/Air       92%        N/A       1%          4
g - Confusing Touch       Hex            56%        N/A       1%          3
h - Apportation           Tloc           100%       N/A       0%          1
i - Summon Small Mammal   Summ           48%        N/A       2%          1
j - Flame Wave            Conj/Fire      28%        2d9       5%          4
p - Passwall              Tmut/Erth      34%        N/A       1%          2
z - Irradiate             Conj/Tmut      26%        3d20      1%          5
Y - Blink                 Tloc           100%       N/A       0%          2

Your spell library contained the following spells:

 Spells                   Type           Power      Damage    Failure   Level
 Freeze                   Ice            100%       1d10      1%          1
 Kiss of Death            Conj/Necr      100%       2d13      1%          1
 Shock                    Conj/Air       100%       1d9       1%          1
 Jinxbite                 Hex            100%       N/A       1%          2
 Poisonous Vapours        Pois/Air       40%        N/A       1%          2
 Dazzling Flash           Conj/Hex       100%       N/A       1%          3
 Frozen Ramparts          Ice            88%        1d14      1%          3
 Gell's Gravitas          Tloc           59%        N/A       1%          3
 Hailstorm                Conj/Ice       44%        3d9       1%          3
 Mephitic Cloud           Conj/Pois/Air  28%        N/A       1%          3
 Stone Arrow              Conj/Erth      64%        3d11      1%          3
 Summon Guardian Golem    Hex/Summ       36%        N/A       1%          3
 Swiftness                Air            28%        N/A       1%          3
 Teleport Other           Tloc           59%        N/A       1%          3
 Cause Fear               Hex            28%        N/A       1%          4
 Leda's Liquefaction      Hex/Erth       20%        N/A       1%          4
 Passage of Golubria      Tloc           59%        N/A       1%          4
 Petrify                  Tmut/Erth      41%        N/A       1%          4
 Metabolic Englaciation   Hex/Ice        25%        N/A       1%          5
 Necrotise                Necr           48%        1d6       2%          1
 Anguish                  Hex/Necr       18%        N/A       2%          4
 Iskenderun's Battlesphe  Conj           44%        2d10      2%          5
 Brom's Barrelling Bould  Conj/Erth      32%        2d5       3%          4
 Call Imp                 Summ           24%        N/A       4%          2
 Scorch                   Fire           24%        2d6       4%          2
 Airstrike                Air            14%        2d(2-18)  5%          4
 Summon Ice Beast         Ice/Summ       28%        N/A       5%          4
 Freezing Cloud           Conj/Ice/Air   19%        6-21      5%          5
 Summon Forest            Summ/Tloc      19%        N/A       5%          5
 Alistair's Intoxication  Tmut/Pois      24%        N/A       6%          5
 Summon Mana Viper        Hex/Summ       36%        N/A       7%          5
 Vampiric Draining        Necr           12%        2d6       9%          3
 Fireball                 Conj/Fire      14%        3d8       17%         5
 Animate Dead             Necr           12%        N/A       32%         4
 Dispel Undead            Necr           12%        3d9       32%         4
 Olgreb's Toxic Radiance  Pois           12%        N/A       32%         4
 Lee's Rapid Deconstruct  Erth           10%        3d8*      36%         5
 Eringya's Noxious Bog    Tmut/Pois      18%        4d6       36%         6
 Conjure Ball Lightning   Conj/Air       18%        3x3d6     38%         6
 Bombard                  Conj/Erth      16%        9d3       54%         6
 Agony                    Necr           12%        N/A       67%         5
 Simulacrum               Ice/Necr       14%        N/A       69%         6
 Death Channel            Necr           6%         N/A       99%         6
 Summon Cactus Giant      Summ           6%         N/A       99%         6
 Enfeeble                 Hex            28%        N/A       19%         7
 Orb of Destruction       Conj           22%        9d8       71%         7
 Ozocubu's Refrigeration  Ice            22%        4d12      71%         7
 Disjunction              Tloc           29%        N/A       71%         8
 Discord                  Hex            28%        N/A       85%         8
 Malign Gateway           Summ/Tloc      19%        N/A       89%         7
 Spellforged Servitor     Conj/Summ      14%        N/A       99%         7
 Haunt                    Necr/Summ      6%         N/A       100%        7
 Monstrous Menagerie      Summ           6%         N/A       100%        7
 Summon Hydra             Summ           6%         N/A       100%        7
 Ignition                 Fire           6%         3d4       100%        8
 Infestation              Necr           6%         N/A       100%        8
 Lehudib's Crystal Spear  Conj/Erth      16%        10d5      100%        8
 Maxwell's Capacitive Co  Air            14%        ∞         100%        8
 Dragon's Call            Summ           6%         N/A       100%        9
 Sublimation of Blood     Necr           Unusable   N/A       N/A         2
 Animate Armour           Summ/Erth      Unusable   N/A       N/A         4

Dungeon Overview and Level Annotations

Branches:
Dungeon (15/15)            Temple (0/1) D:5            Lair (5/5) D:10
  Swamp (4/4) Lair:3       Spider (4/4) Lair:2        Slime (0/5) Lair:5
    Orc (2/2) D:12            Elf (3/3) Orc:2        Vaults (5/5) D:13
  Crypt (3/3) Vaults:3       Tomb (0/3) Crypt:3      Depths (4/4) D:15
    Zot (5/5) Depths:4

Altars:
Cheibriados
Dithmenos
Gozag
Kikubaaqudgha
Makhleb
Okawaru
Qazlal
Sif Muna
Trog
Uskayaw
Vehumet
Wu Jian
Xom
Yredelemnul
Zin
The Shining One
Jiyva
Lugonu

Shops:
D:5 *=*?   D:11 *   Orc:2 :(*[   Elf:3 [   Vaults:5 ==

Portals:
Hell: Depths:1 Depths:2 Depths:3 Depths:4
Abyss: Depths:1 Depths:3
Pandemonium: Depths:2
Trove: D:15 (give 4 potions of resistance)

Annotations:
D:13 2 runed translucent doors, exclusion: 2 doors, Lauz's ghost, journeyman MiBe
D:14 3 runed translucent doors, exclusion: door, Cuthed's ghost, journeyman OpCK
Lair:2 exclusion: hydra
Lair:5 1 runed translucent door, exclusions: door and 1 more exclusion
Spider:1 3 runed translucent doors, exclusions: broodmother, 2 doors and tarantella, Nuutul's ghost, adept SpEn
Orc:2 1 runed translucent door, kskgo's ghost, journeyman DjFE
Elf:1 1 runed translucent door
Elf:2 6 runed translucent doors, exclusion: 2 doors, peterlawrence's ghost, adept MiFi
Elf:3 36 runed doors, Deamich's ghost, journeyman DsBr; Heruu's ghost, adept MiHu; Kerestru's ghost, adept GrFi; Luqutot's ghost, adept MiFi; Malachi's ghost, adept DsBe; Zakh's ghost, adept TeHu
Crypt:2 1 runed translucent door, Wed Dyk's ghost, veteran MiBe
Zot:1 1 transporter
Zot:2 1 transporter
Zot:5 exclusion: obsidian statue


Innate Abilities, Weirdness & Mutations

You are a living statue of rough stone.
Your actions are slow, but your melee attacks are powerful.
You are resistant to unholy torment.
Your maximum health is greatly increased.
You are immune to poison.
You have sharp claws.
You have razor-sharp teeth.
You have supernaturally acute eyesight. (SInv)
((Your thick and shaggy fur keeps you warm. (AC +3, rC+)))
Your paws help you pounce on unaware monsters.
You are incapable of wielding weapons or throwing items.
You cannot wear armour.
You gain extra lives every three experience levels.
You have a pair of small horns on your head.
You are partially covered in large bone plates. (SH +4)
You possess an exceptional clarity of mind.
Your mind is very acute. (Int +8, Str/Dex -2)
You are strong-willed. (Will+)
You passively map the area around you.
You are robust. (+10% HP)
Your spells are a little easier to cast, but a little less powerful.
You occasionally lose the ability to drink potions when taking damage.
You passively dampen the noise of your surroundings.


Message History

You charge forward with an electric crackle!
You eviscerate the sleepcap and electrocute it!!!!
You destroy the sleepcap!
(D) Dungeon (T) Temple (L) Lair (S) Swamp (N) Spider Nest (M) Slime Pits (O) Orcish Mines (E) Elven Halls (V) Vaults (C) Crypt (W) Tomb (U) Depths (H) Hell (Z) Zot
Where to? (Tab/Enter - D:1 @ (x,y), ? - help)
An Orb Guardian comes into view.
Unknown command.
Charge where?
Press: ? - help, Q - select action, (/) - cycle Dir - move target, f - Orb Guardian
Aim: an Orb Guardian (83% to hit)
You charge forward with an electric crackle!
You scratch the Orb Guardian but do no damage.
You claw the Orb Guardian!!
The Orb Guardian is moderately wounded.
The Orb Guardian completely misses you. The Orb Guardian misses you.
You claw the Orb Guardian! You bite the Orb Guardian.
The Orb Guardian is moderately wounded.
The Orb Guardian barely misses you.
You mangle the Orb Guardian!!
The Orb Guardian is severely wounded.
The Orb Guardian completely misses you.
The Orb Guardian hits you but does no damage.
You miss the Orb Guardian. You claw the Orb Guardian!!
You bite the Orb Guardian, but do no damage.
The Orb Guardian is almost dead.
You block the Orb Guardian's attack.
You scratch the Orb Guardian but do no damage.
The Orb Guardian is almost dead.
The Orb Guardian completely misses you.
You completely miss the Orb Guardian. Your claw misses the Orb Guardian.
You bite the Orb Guardian, but do no damage.
The Orb Guardian is almost dead.
The Orb Guardian completely misses you.
The Orb Guardian hits you but does no damage.
You mangle the Orb Guardian!!
You kill the Orb Guardian!
(D) Dungeon (T) Temple (L) Lair (S) Swamp (N) Spider Nest (M) Slime Pits (O) Orcish Mines (E) Elven Halls (V) Vaults (C) Crypt (W) Tomb (U) Depths (H) Hell (Z) Zot
Where to? (Tab/Enter - D:1 @ (x,y), ? - help)
There is a stone staircase leading up here.
You climb upwards.
There is a stone staircase leading down here.
There is an open door here.
You hear Xom's maniacal laughter.
Unknown command.
Unknown command.
The iron imp completely misses you.
You claw the iron imp!
The iron imp is heavily wounded.
The iron imp completely misses you.
You eviscerate the iron imp!!!
You kill the iron imp!
The iron imp disappears in a puff of smoke!
(D) Dungeon (T) Temple (L) Lair (S) Swamp (N) Spider Nest (M) Slime Pits (O) Orcish Mines (E) Elven Halls (V) Vaults (C) Crypt (W) Tomb (U) Depths (H) Hell (Z) Zot
Where to? (Tab/Enter - D:1 @ (x,y), ? - help)
There is a stone staircase leading up here.
You climb upwards.
There is a stone staircase leading down here.
An Orb Guardian comes into view.
Unknown command.
You mangle the Orb Guardian!!
The Orb Guardian is moderately wounded.
You mangle the Orb Guardian!!
The Orb Guardian is heavily wounded.
The Orb Guardian barely misses you.
You eviscerate the Orb Guardian!!!
The Orb Guardian is almost dead.
You block the Orb Guardian's attack.
You scratch the Orb Guardian.
You kill the Orb Guardian!
(D) Dungeon (T) Temple (L) Lair (S) Swamp (N) Spider Nest (M) Slime Pits (O) Orcish Mines (E) Elven Halls (V) Vaults (C) Crypt (W) Tomb (U) Depths (H) Hell (Z) Zot
Where to? (Tab/Enter - D:1 @ (x,y), ? - help)
You open the door.
You hear Xom's avuncular chuckle.
Your body is suffused with distortional energy.
Your connection to magic feels subdued.
A pair of horns grows on your head!
You feel strong-willed.
There is an open door here.
(D) Dungeon (T) Temple (L) Lair (S) Swamp (N) Spider Nest (M) Slime Pits (O) Orcish Mines (E) Elven Halls (V) Vaults (C) Crypt (W) Tomb (U) Depths (H) Hell (Z) Zot
Where to? (Tab/Enter - D:1 @ (x,y), ? - help)
You see here a +0 dagger.
There is a stone staircase leading up here.
You climb upwards.
There is a stone staircase leading down here.
There is a staircase leading out of the dungeon here.
You have escaped!

#>..## #.
###...#
##.
####....##
##..
#.....###
#..#
#....##
#.##
#....#
######.##
#.####
#).......
#...#
#........
#.8>#
#........
#####
#........
#........
#........
#........
#........
#....>...
#########


There were no monsters in sight!

Vanquished Creatures
  A dread lich (Vaults:5)
  An orb of fire (Zot:3)
  Mara (Spider:4)
  Frederick (Crypt:2)
  Vv (Crypt:2)
  Bai Suzhen (Spider:4)
  A caustic shrike (Depths:4)
  10 golden dragons
  Nikola (Spider:4)
  A pandemonium lord (Zot:2)
  Arachne (Spider:2)
  A doom hound (Crypt:2)
  6 tentacled monstrosities
  10 Orb Guardians
  5 liches
  A walking frostbound tome (Depths:2)
  Rupert (Lair:5)
  3 deep elf master archers (Elf:3)
  3 deep elf blademasters (Elf:3)
  A walking earthen tome (Depths:1)
  Grunn (Crypt:2)
  7 quicksilver dragons
  3 ancient champions
  7 titans
  8 sphinxes
  5 death cobs
  A tentacled starspawn (Abyss:5)
  5 thorn hunters
  7 storm dragons
  4 tengu reavers
  Kirke (Lair:4)
  A revenant (Crypt:2)
  6 shadow dragons
  9 frost giants
  2 draconian monks
  An iron dragon (Vaults:5)
  Donald (Swamp:4)
  11 fire giants
  Roxanne (Elf:3)
  6 emperor scorpions
  2 draconian knights (Zig:3)
  2 draconian scorchers
  2 balrugs
  7 deep elf elementalists (Elf:3)
  8 deep elf sorcerers (Elf:3)
  15 vault wardens
  A curse skull (Crypt:3)
  An orc warlord (Orc:2)
  5 ghost moths
  5 ghouls
  A draconian shifter (Depths:4)
  3 draconian annihilators
  A reaper (Crypt:1)
  A spriggan defender (Depths:4)
  2 juggernaut zombies
  15 stone giants
  25 very ugly things
  19 vampire knights
  7 ironbound thunderhulks
  6 war gargoyles
  19 ironbound preservers
  3 green draconians
  4 black draconians
  3 yellow draconians
  5 eleionomae
  16 deep elf annihilators
  8 deep elf demonologists
  4 white draconians
  6 red draconians
  2 lorocyprocas
  6 spark wasps
  5 purple draconians
  11 dire elephants
  9 bunyips
  11 deep elf death magi
  2 eidola
  12 ettins
  A green death (Depths:2)
  An acid blob zombie (Crypt:3)
  2 crystal guardians
  10 fire dragons
  7 entropy weavers
  Fannar (D:12)
  9 jiangshi
  9 deep elf high priests
  2 shambling mangroves
  A quicksilver dragon zombie (Crypt:1)
  An entropy weaver (shapeshifter) (D:15)
  4 great orbs of eyes
  10 ice dragons
  18 hydras
  10 yaktaur captains
  29 vault guards
  2 spriggan air magi
  2 rakshasas (Depths:2)
  3 spriggan zombies (Crypt:3)
  3 ogre magi
  A fenstrider witch zombie (Crypt:3)
  7 peacekeepers
  A sphinx zombie (Vaults:1)
  A bennu zombie (Crypt:2)
  3 alligators (Swamp:2)
  A ghost crab (Swamp:2)
  4 jorogumos (Spider:4)
  4 radroaches
  5 boulder beetles
  12 two-headed ogres
  5 death yaks
  17 centaur warriors
  5 death knights
  8 ironbound frosthearts
  16 dancing weapons
  6 deep troll shamans
  3 demonic crawlers
  2 sphinx skeletons
  16 vampire magi
  11 deep troll earth magi
  9 hell knights
  3 spriggan berserkers
  3 orc high priests
  A shock serpent (Zig:5)
  A titan zombie (Crypt:3)
  2 storm dragon zombies (Crypt:3)
  14 tengu warriors
  A soul eater (Crypt:2)
  A shadow wraith (Vaults:5)
  9 iron trolls
  2 crystal echidnas (Zig:2)
  5 deep elf knights (Elf:2)
  A sun demon (D:7)
  14 pharaoh ants
  5 sun moths
  A bunyip zombie (Crypt:3)
  20 skeletal warriors
  A skyshark (Lair:4)
  An anaconda zombie (Crypt:3)
  2 sea snakes (shapeshifter) (Vaults:5)
  A sixfirhy (Depths:2)
  5 glowing orange brains
  8 flayed ghosts
  4 spriggan druids
  3 golden dragon zombies
  4 bog bodies
  53 deep trolls
  21 phantasmal warriors
  Pikel (D:8)
  10 swamp dragons
  A steelbarb worm (shapeshifter) (Vaults:5)
  A spriggan simulacrum (Crypt:2)
  A glowing orange brain (shapeshifter) (Vaults:5)
  4 necromancers
  11 arcanists
  29 deep elf pyromancers
  14 ironbound convokers
  13 lindwurms
  17 deep elf archers
  6 orc knights
  13 orb spiders
  7 steelbarb worms
  The ghost of rasy the Basher, a novice MiFi (D:6)
  4 orc sorcerers
  23 deep elf zephyrmancers
  6 harpies
  A jorogumo zombie (Crypt:1)
  17 wolf spiders
  33 ugly things
  A stone giant zombie (Vaults:1)
  4 manticores
  8 will-o-the-wisps
  Maurice (D:7)
  8 cyclopes
  An iron dragon zombie (Crypt:2)
  An alligator skeleton (Crypt:1)
  2 human skeletons
  A dire elephant zombie (Crypt:3)
  A fire giant skeleton (Crypt:1)
  An eye of devastation (shapeshifter) (Vaults:5)
  Joseph (D:7)
  17 vault sentinels
  2 torpor snails (shapeshifter)
  A gargoyle (D:13)
  A black mamba (Lair:1)
  5 elephants (Lair:5)
  2 water nymphs (Zig:1)
  14 moths of wrath
  3 smoke demons
  7 torpor snails
  A black draconian zombie (Crypt:2)
  A catoblepas zombie (Crypt:2)
  2 large abominations
  8 cane toads
  A kobold demonologist (D:13)
  3 rime drakes
  A bunyip simulacrum (Crypt:2)
  8 freezing wraiths
  20 yaktaurs
  6 tengu conjurers
  Jeremiah (D:6)
  An ice devil (Depths:2)
  11 komodo dragons
  2 meliai
  2 tormentors
  A white draconian skeleton (Crypt:3)
  A merfolk (Spider:1)
  2 merfolk (shapeshifter) (Vaults:5)
  7 trolls
  2 harpy zombies (Crypt:3)
  3 hellwings
  9 tyrant leeches
  26 tarantellas
  7 hornets
  A satyr zombie (Crypt:3)
  9 blink frogs
  2 raiju
  4 polar bears
  A glass eye (Depths:4)
  2 dream sheep
  A radroach zombie (Crypt:3)
  53 slime creatures
  27 culicivoras
  26 jumping spiders
  22 vampires (Crypt:3)
  An ice dragon skeleton (Crypt:2)
  2 wyverns
  6 spriggans
  6 water elementals
  11 wraiths
  6 air elementals
  3 fire bats (Swamp:4)
  A hog (Lair:5)
  2 fire elementals
  42 redbacks
  28 yaks
  2 basilisks
  2 chaos spawn
  A neqoxec (Zot:2)
  3 vampire mosquitoes (D:13)
  13 swamp worms
  3 wargs
  2 acid dragons
  6 water moccasins
  An entropy weaver zombie (Crypt:3)
  6 swamp drakes (Swamp:4)
  A two-headed ogre skeleton (Crypt:3)
  25 orc warriors
  2 black bears
  3 ice beasts
  7 wolves
  A manticore zombie (Crypt:1)
  9 ogres
  A snapping turtle skeleton (Crypt:1)
  A lemure (D:8)
  A dream sheep skeleton (Crypt:2)
  4 centaurs
  2 phantoms (D:6)
  11 kobold brigands
  The ghost of Kiciri the Shooter, an amateur TeHu (D:3)
  An earth elemental (Elf:2)
  A brain worm (Vaults:1)
  A wyvern zombie (Crypt:3)
  2 elf zombies (Elf:1)
  A scorpion (D:6)
  8 bullfrogs
  An elf skeleton (Crypt:3)
  A glowing shapeshifter simulacrum (Vaults:1)
  8 killer bees
  4 howler monkeys
  6 electric eels
  A hound (shapeshifter) (D:4)
  A jelly (D:4)
  8 hounds
  15 orc priests
  An iron imp (D:4)
  3 gnoll boudas
  An iguana (D:4)
  A sleepcap (D:4)
  A scorpion zombie (Crypt:1)
  Natasha (thrice) (D:3)
  25 orc wizards
  12 adders
  15 gnolls
  A white imp (D:8)
  2 ufetubi (D:6)
  A lava snake skeleton (Crypt:1)
  3 worms
  A dart slug (D:4)
  68 orcs
  5 ball pythons
  7 endoplasms
  3 giant cockroaches
  6 goblins
  8 hobgoblins
  14 kobolds
  5 quokkas
  6 bats
  A hobgoblin skeleton (Crypt:2)
  A rat (shapeshifter) (Lair:2)
  4 rats
  9 butterflies (Vaults:3)
1891 creatures vanquished.

Vanquished Creatures (collateral kills)
  Jory (Vaults:3)
  A doom hound (Crypt:2)
  An ironbound preserver (Vaults:3)
  A dire elephant (Vaults:1)
  An eidolon (Crypt:2)
  2 entropy weavers
  Harold (Lair:1)
  A great orb of eyes (Vaults:4)
  2 two-headed ogres (D:12)
  A skeletal warrior (Crypt:3)
  A sun moth (Spider:4)
  3 deep trolls
  A spriggan druid (Lair:3)
  A deep elf pyromancer (Elf:1)
  2 necromancers (Elf:1)
  An ironbound convoker (Vaults:4)
  A phantasmal warrior (Crypt:2)
  A black mamba (Lair:3)
  A water nymph (shapeshifter) (Crypt:3)
  2 cane toads (Lair:3)
  A komodo dragon (Lair:5)
  3 dream sheep (Lair:3)
  9 blink frogs
  A hornet (Lair:3)
  A wyvern (D:7)
  A basilisk (Lair:1)
  4 yaks
  A redback (Vaults:4)
  2 water moccasins (Lair:3)
  3 bullfrogs
  An elf zombie (Elf:1)
  A howler monkey (D:7)
  Terence (D:3)
  An orc (Orc:2)
56 creatures vanquished.

Vanquished Creatures (others)
  A draconian knight (Zot:4)
  2 dancing weapons
  A death yak (Lair:3)
  An ironbound convoker (Vaults:1)
  An ugly thing (Vaults:4)
  An elephant (Lair:5)
  A slime creature (Vaults:1)
  A yak (D:12)
  4 humans (Lair:5)
  4 swamp drakes (Swamp:4)
  An orc priest (Orc:2)
  An orc (Vaults:5)
  31 foxfires
  3 starspawn tentacles (Abyss:5)
53 creatures vanquished.

Grand Total: 2000 creatures vanquished

Notes
Turn   | Place    | Note
-------+----------+-------------------------------------------
     0 | D:1      | EnegeticOcto the Felid Chaos Knight began the quest for the
                  | Orb.
     0 | D:1      | Reached XP level 1. HP: 12/12 MP: 2/2
    18 | D:1      | Reached skill level 1 in Stealth
   123 | D:1      | XOM: butterfly on damage
   177 | D:1      | XOM: divination: detect creatures
   182 | D:1      | Reached skill level 2 in Stealth
   233 | D:1      | Reached XP level 2. HP: 16/16 MP: 3/3
   271 | D:1      | XOM: confuse monster(s)
   307 | D:1      | Reached skill level 3 in Stealth
   570 | D:1      | XOM: butterfly on damage
   688 | D:2      | Reached XP level 3. HP: 20/20 MP: 4/4
   767 | D:2      | Identified the +2 leather armour of Going Fast {Will+ rCorr
                  | Slay-3}
  1081 | D:2      | XOM: noise
  1099 | D:2      | XOM: 1-stop teleportation journey
  1107 | D:2      | Found a faded altar of an unknown god.
  1113 | D:2      | Reached skill level 4 in Dodging
  1124 | D:2      | Identified the amulet "Anno" {RegenMP Rampage rF- rC+}
  1391 | D:3      | XOM is BORED!
  1391 | D:3      | Noticed Natasha
  1391 | D:3      | XOM: 3-stop teleportation journey
  1392 | D:3      | Killed Natasha
  1393 | D:3      | Reached XP level 4. HP: 24/24 MP: 5/5
  1566 | D:3      | Noticed Natasha
  1589 | D:3      | XOM: divination: magic mapping
  1732 | D:3      | Reached skill level 4 in Unarmed Combat
  1767 | D:3      | Noticed Terence
  1789 | D:3      | Killed Terence
  1790 | D:3      | Reached skill level 5 in Dodging
  1873 | D:3      | Found a runed translucent door.
  1877 | D:3      | Noticed Kiciri's ghost (amateur TeHu)
  1938 | D:4      | XOM: divination: detect items
  1947 | D:4      | Reached XP level 5. HP: 14/28 MP: 6/6
  2300 | D:4      | Found a burning altar of Makhleb.
  2420 | D:4      | XOM: scenery: 1 doors close
  2458 | D:4      | Noticed a water moccasin
  2541 | D:4      | XOM: cloud trail
  2733 | D:4      | Found a snail-covered altar of Cheibriados.
  2758 | D:4      | XOM: silly message
  2836 | D:5      | Entered Level 5 of the Dungeon
  2860 | D:5      | Found Xonibad's Jewellery Shoppe.
  2900 | D:5      | Found Benybiw's General Store.
  2919 | D:5      | Found Conkab's Magic Scroll Boutique.
  3162 | D:5      | XOM: silly message
  3214 | D:5      | XOM: silly message
  3287 | D:5      | Reached skill level 5 in Unarmed Combat
  3354 | D:5      | Found Ojyllon's Distillery.
  3360 | D:5      | Bought a potion of lignification for 36 gold pieces
  3360 | D:5      | Bought a potion of might for 48 gold pieces
  3393 | D:5      | XOM: cloud trail
  3398 | D:5      | Bought a scroll of fear for 48 gold pieces
  3585 | D:5      | Found Qukol's General Store.
  3608 | D:5      | Found a staircase to the Ecumenical Temple.
  3883 | D:5      | XOM: silly message
  3924 | D:5      | Gained mutation: You are covered in thick fur. (AC +2)
                  | [Felid growth]
  3924 | D:5      | Reached XP level 6. HP: 14/32 MP: 7/7
  4062 | D:6      | Found an ancient bone altar of Kikubaaqudgha.
  4103 | D:6      | XOM: silly message
  4258 | D:6      | Found a radiant altar of Vehumet.
  4290 | D:6      | Reached skill level 4 in Fighting
  4310 | D:6      | Found an ornate altar of the Wu Jian Council.
  4323 | D:6      | XOM: potion effect (might)
  4402 | D:6      | Reached skill level 5 in Fighting
  4402 | D:6      | Reached XP level 7. HP: 36/39 MP: 8/8
  4414 | D:6      | Noticed Jeremiah
  4432 | D:6      | Killed Jeremiah
  4433 | D:6      | Reached skill level 4 in Stealth
  4433 | D:6      | Reached skill level 6 in Unarmed Combat
  4443 | D:6      | XOM: silly message
  4452 | D:6      | Reached skill level 7 in Unarmed Combat
  4528 | D:6      | XOM: silly message
  4638 | D:6      | XOM: silly message
  4673 | D:6      | Found a runed translucent gate.
  4675 | D:6      | Found a runed translucent gate.
  4675 | D:6      | Found a runed translucent gate.
  4675 | D:6      | Noticed rasy's ghost (novice MiFi)
  4735 | D:7      | XOM: silly message
  4740 | D:7      | Reached XP level 8. HP: 21/43 MP: 9/9
  4742 | D:7      | XOM: divination: detect items
  4743 | D:7      | XOM: divination: detect creatures
  4828 | D:6      | XOM: divination: detect items
  4848 | D:7      | Reached skill level 8 in Unarmed Combat
  4852 | D:7      | Noticed Maurice
  4861 | D:6      | Reached skill level 6 in Dodging
  4933 | D:7      | Noticed Joseph
  4986 | D:6      | Reached skill level 7 in Dodging
  5189 | D:3      | Found a bloodstained altar of Trog.
  5247 | D:3      | XOM: silly message
  5299 | D:3      | XOM: silly message
  5303 | D:3      | Killed Natasha
  5431 | D:3      | Found a bloodstained altar of Trog.
  5815 | D:3      | Noticed Natasha
  5835 | D:3      | XOM: potion effect (curing)
  5840 | D:3      | Killed Natasha
  5905 | D:3      | XOM: silly message
  6019 | D:3      | XOM: divination: detect items
  6469 | D:4      | XOM: silly message
  6480 | D:4      | Reached skill level 6 in Fighting
  6480 | D:4      | a worm changed into a shapeshifter
  6480 | D:4      | Noticed a shapeshifter (shapeshifter)
  6480 | D:4      | XOM: polymorph worm -> shapeshifter
  6480 | D:4      | a shapeshifter changed into a hound
  6618 | D:6      | XOM: summons friendly crimson imp
  6653 | D:6      | XOM: summons 5 hostile demons
  6727 | D:7      | XOM: cleaving
  6728 | D:7      | XOM: summons friendly ufetubus
  6742 | D:7      | Reached XP level 9. HP: 26/49 MP: 10/10
  6795 | D:6      | XOM is BORED!
  6825 | D:7      | Reached skill level 7 in Fighting
  6855 | D:6      | Learned a level 2 spell: Blink
  6972 | D:5      | Bought 3 scrolls of butterflies for 144 gold pieces
  7121 | D:7      | Learned a level 3 spell: Ozocubu's Armour
  7190 | D:7      | XOM: summons 2 friendly demons
  7207 | D:7      | Slain by Joseph
  7242 | D:7      | Killed Joseph
  7243 | D:7      | Reached skill level 9 in Unarmed Combat
  7243 | D:7      | Reached skill level 2 in Translocations
  7243 | D:7      | Reached skill level 1 in Ice Magic
  7414 | D:7      | XOM: god gift: pearl ring {god gift}
  7739 | D:5      | Bought a scroll of identify for 24 gold pieces
  7739 | D:5      | Identified a scroll of acquirement
  7740 | D:5      | Acquired 856 gold pieces
  7742 | D:5      | Bought a scroll of fog for 48 gold pieces
  7742 | D:5      | Bought a scroll of teleportation for 36 gold pieces
  7742 | D:5      | Bought a scroll of fog for 48 gold pieces
  7742 | D:5      | Bought a scroll of fog for 48 gold pieces
  7742 | D:5      | Bought a scroll of revelation for 90 gold pieces
  7837 | D:5      | Bought a +5 ring of evasion for 468 gold pieces
  7914 | D:5      | Bought a potion of might for 48 gold pieces
  7914 | D:5      | Bought a potion of curing for 36 gold pieces
  7914 | D:5      | Bought a potion of curing for 36 gold pieces
  8072 | D:7      | Reached skill level 3 in Translocations
  8072 | D:7      | Reached skill level 2 in Ice Magic
  8127 | D:8      | Found a stormy altar of Qazlal.
  8437 | D:8      | Learned a level 2 spell: Ensorcelled Hibernation
  8561 | D:8      | XOM is BORED!
  8561 | D:8      | XOM: give mutations
  8561 | D:8      | Gained mutation: You sometimes lose your temper in combat.
                  | [Xom's mischief]
  8561 | D:8      | Gained mutation: You occasionally lose the ability to read
                  | scrolls when taking damage. [Xom's mischief]
  8561 | D:8      | Gained mutation: You occasionally lose the ability to drink
                  | potions when taking damage. [Xom's mischief]
  8664 | D:8      | Reached skill level 1 in Hexes
  8907 | D:8      | Reached skill level 2 in Hexes
  8961 | D:8      | Reached skill level 4 in Translocations
  9282 | D:9      | Noticed a troll
  9294 | D:8      | Noticed Pikel
  9298 | D:8      | XOM: blink monster(s)
  9335 | D:8      | Killed Pikel
  9336 | D:8      | Reached skill level 8 in Fighting
  9336 | D:8      | Reached skill level 4 in Hexes
  9336 | D:8      | Reached skill level 5 in Translocations
  9336 | D:8      | Reached skill level 4 in Ice Magic
  9440 | D:9      | Killed a troll
  9520 | D:9      | Reached skill level 5 in Hexes
  9520 | D:9      | Reached XP level 10. HP: 46/56 MP: 8/11
  9595 | D:9      | Noticed a cyclops
  9623 | D:9      | XOM: noise
  9647 | D:9      | XOM: butterfly on damage
  9658 | D:9      | XOM: divination: magic mapping
  9663 | D:9      | Killed a cyclops
  9664 | D:9      | Reached skill level 6 in Hexes
  9835 | D:9      | XOM: give mutation
  9835 | D:9      | Gained mutation: Your muscles are strong. (Str +4, Int/Dex
                  | -1) [Xom's grace]
  9847 | D:9      | Reached skill level 5 in Ice Magic
  9995 | D:9      | XOM: 4-stop teleportation journey
 10099 | D:9      | Found a basalt altar of Yredelemnul.
 10109 | D:9      | XOM: god gift: scroll of fear
 10131 | D:10     | Entered Level 10 of the Dungeon
 10255 | D:7      | XOM: scenery: create altars
 10503 | D:7      | XOM: summons 1 hostile demon
 10549 | D:7      | Learned a level 2 spell: Passwall
 10557 | D:7      | Killed Maurice
 10631 | D:7      | XOM: give mutations
 10631 | D:7      | Gained mutation: Your spells are a little harder to cast,
                  | but a little more powerful. [Xom's grace]
 10631 | D:7      | Gained mutation: Your natural rate of healing is unusually
                  | fast. [Xom's grace]
 10781 | D:10     | XOM: give mutations
 10781 | D:10     | Gained mutation: You expend magic power (3 MP) to
                  | strengthen your wands. [Xom's mischief]
 10781 | D:10     | Lost mutation: Your natural rate of healing is unusually
                  | fast. [Xom's mischief]
 10781 | D:10     | Gained mutation: You have hidden genetic defects. [Xom's
                  | mischief]
 10845 | D:10     | XOM: god gift: 39 gold pieces
 10885 | D:10     | XOM: silly message
 10888 | D:10     | Reached skill level 7 in Hexes
 10903 | D:10     | XOM: torment (29/56 hp)
 11073 | D:10     | Reached skill level 6 in Ice Magic
 11091 | D:10     | XOM: potion effect (heal wounds)
 11206 | D:10     | XOM: stat loss: -1 Int (15/16)
 11230 | D:10     | Found a staircase to the Lair.
 11290 | D:10     | You fall into a shaft and drop 1 floor!
 11329 | D:10     | Identified the +3 flail "Xublec" {protect, rF+ rCorr Int+3}
 11340 | D:10     | XOM: 4-stop teleportation journey
 11503 | D:10     | Found a glowing silver altar of Zin.
 11537 | D:10     | Noticed an eight-headed hydra
 11720 | D:10     | Found a shimmering blue altar of Sif Muna.
 11720 | D:10     | Found an opulent altar of Gozag.
 11876 | Lair:1   | Entered Level 1 of the Lair of Beasts
 11876 | Lair:1   | Noticed a black mamba
 11878 | Lair:1   | Reached skill level 7 in Ice Magic
 11879 | Lair:1   | XOM: snakes to sticks
 11891 | Lair:1   | Gained mutation: You are clumsy. (Dex -2) [hidden defects]
 11902 | Lair:1   | Noticed Harold
 11911 | Lair:1   | Reached skill level 1 in Spellcasting
 11915 | Lair:1   | Killed Harold
 11916 | Lair:1   | Reached skill level 2 in Spellcasting
 11934 | Lair:1   | XOM: 1-stop teleportation journey
 11943 | Lair:1   | Reached skill level 3 in Spellcasting
 11948 | Lair:1   | Noticed a death yak
 11948 | Lair:1   | Noticed a death yak
 11949 | Lair:1   | Noticed a death yak
 11949 | Lair:1   | XOM: cleaving
 11950 | Lair:1   | Noticed a death yak
 11958 | Lair:1   | XOM: potion effect (attraction)
 11967 | Lair:1   | Gained mutation: You have an uncontrollable temper. [hidden
                  | defects]
 11967 | Lair:1   | Lost mutation: You have hidden genetic defects. [hidden
                  | defects expressed]
 11970 | Lair:1   | Mangled by a death yak
 12005 | Lair:1   | Noticed a black mamba
 12014 | Lair:1   | Killed a black mamba
 12015 | Lair:1   | Reached skill level 8 in Ice Magic
 12020 | Lair:1   | Reached skill level 1 in Evocations
 12156 | Lair:1   | Reached XP level 11. HP: 60/60 MP: 14/16
 12324 | Lair:1   | XOM: butterfly on damage
 12522 | Lair:1   | Reached skill level 2 in Evocations
 12652 | Lair:1   | Reached skill level 5 in Stealth
 12937 | Lair:2   | Reached skill level 8 in Dodging
 13017 | Lair:2   | Found a hole to the Spider Nest.
 13077 | Lair:2   | Noticed an eight-headed hydra
 13090 | Lair:2   | Found a frozen archway.
 13091 | Lair:2   | XOM: blink monster(s)
 13099 | Lair:2   | Reached skill level 8 in Hexes
 13099 | Lair:2   | Reached skill level 3 in Evocations
 13106 | Lair:2   | a wolf changed into a glowing shapeshifter
 13106 | Lair:2   | Noticed a glowing shapeshifter (glowing shapeshifter)
 13106 | Lair:2   | XOM: polymorph wolf -> glowing shapeshifter
 13106 | Lair:2   | a glowing shapeshifter changed into a rat
 13271 | Lair:2   | Reached skill level 6 in Stealth
 13424 | Lair:2   | Noticed a five-headed hydra
 13638 | Lair:2   | XOM: fog
 13779 | Lair:3   | XOM: scenery: create altars
 13830 | Lair:3   | XOM: confuse monster(s)
 13892 | Lair:3   | XOM: cast spell 'Summon Dragon'
 13894 | Lair:3   | HP: 2/60 [dream sheep (26)]
 13895 | Lair:3   | Reached skill level 4 in Evocations
 13896 | Lair:3   | Reached skill level 9 in Fighting
 13898 | Lair:3   | Reached skill level 9 in Hexes
 13954 | Lair:3   | Reached skill level 7 in Stealth
 13958 | Lair:3   | Reached skill level 9 in Dodging
 14038 | Lair:3   | Noticed a spriggan druid
 14042 | Lair:3   | Killed a spriggan druid
 14043 | Lair:3   | Reached skill level 10 in Hexes
 14043 | Lair:3   | Gained mutation: Your thick and shaggy fur keeps you warm.
                  | (AC +3, rC+) [Felid growth]
 14043 | Lair:3   | Reached XP level 12. HP: 37/67 MP: 17/17
 14047 | Lair:3   | Reached skill level 10 in Dodging
 14057 | Lair:3   | Noticed a death yak
 14057 | Lair:3   | Noticed a death yak
 14058 | Lair:3   | Reached skill level 10 in Fighting
 14068 | Lair:3   | Killed a death yak
 14068 | Lair:3   | XOM: divine lightning
 14069 | Lair:3   | Noticed a death yak
 14069 | Lair:3   | XOM: scenery: create altars
 14074 | Lair:3   | Killed a death yak
 14078 | Lair:3   | XOM: summons friendly chaos spawn
 14087 | Lair:3   | XOM: scenery: summon butterflies
 14129 | Lair:3   | Killed a death yak
 14253 | Lair:2   | Killed a five-headed hydra
 14254 | Lair:2   | Reached skill level 4 in Spellcasting
 14542 | Lair:3   | Found a staircase to the Swamp.
 14633 | Lair:3   | XOM: scenery: summon butterflies
 14897 | Lair:4   | XOM: give mutations
 14897 | Lair:4   | Gained mutation: You have a pair of small horns on your
                  | head. [Xom's grace]
 14897 | Lair:4   | Gained mutation: Your spells are harder to cast, but more
                  | powerful. [Xom's grace]
 14897 | Lair:4   | Lost mutation: You are clumsy. (Dex -2) [Xom's grace]
 14897 | Lair:4   | Gained mutation: Your flesh is cold resistant. (rC+) [Xom's
                  | grace]
 14967 | Lair:4   | XOM: scenery: create altars
 14968 | Lair:4   | XOM: fog
 14969 | Lair:4   | Reached skill level 11 in Dodging
 14979 | Lair:4   | Reached skill level 1 in Shapeshifting
 15033 | Lair:4   | Noticed a six-headed hydra
 15066 | Lair:4   | Noticed an eight-headed hydra
 15115 | Lair:4   | Killed a six-headed hydra
 15126 | Lair:4   | XOM: give mutations
 15126 | Lair:4   | Gained mutation: Your natural rate of healing is unusually
                  | fast. [Xom's grace]
 15126 | Lair:4   | Gained mutation: Your system is resistant to poisons.
                  | (rPois) [Xom's grace]
 15136 | Lair:4   | Killed an eight-headed hydra
 15140 | Lair:4   | Reached skill level 2 in Shapeshifting
 15185 | Lair:4   | Noticed a death yak
 15191 | Lair:4   | Killed a death yak
 15192 | Lair:4   | Reached skill level 10 in Unarmed Combat
 15192 | Lair:4   | Reached skill level 5 in Spellcasting
 15196 | Lair:4   | XOM is BORED!
 15196 | Lair:4   | XOM: summons 5 hostile demons
 15341 | Lair:4   | XOM: scenery: summon butterflies
 15566 | Lair:4   | Reached skill level 1 in Transmutations
 15622 | Lair:5   | Entered Level 5 of the Lair of Beasts
 15622 | Lair:5   | Noticed a four-headed hydra
 15628 | Lair:5   | Reached skill level 1 in Earth Magic
 15712 | Lair:5   | XOM: cast spell 'Summon Horrible Things'
 15723 | Lair:5   | Reached skill level 2 in Transmutations
 15732 | Lair:5   | Reached skill level 12 in Dodging
 15752 | Lair:5   | Noticed a five-headed hydra
 15849 | Lair:5   | Noticed Rupert
 15854 | Lair:4   | XOM: fake destruction
 15860 | Lair:4   | Reached skill level 2 in Earth Magic
 15860 | Lair:4   | Reached skill level 3 in Shapeshifting
 15890 | Lair:5   | XOM: silly message
 15899 | Lair:5   | Killed Rupert
 15900 | Lair:5   | Reached XP level 13. HP: 72/72 MP: 21/21
 15983 | Lair:5   | Noticed Kirke
 16007 | Lair:4   | Killed Kirke
 16008 | Lair:4   | Reached skill level 4 in Shapeshifting
 16043 | Lair:5   | Reached skill level 11 in Unarmed Combat
 16088 | Lair:5   | XOM: 1-stop teleportation journey
 16134 | Lair:5   | XOM: polymorph elephant -> ice beast
 16152 | Lair:5   | XOM: destruction
 16194 | Lair:4   | XOM: summons 4 hostile shadow creatures
 16231 | Lair:5   | Noticed a dire elephant
 16231 | Lair:5   | XOM: 1-stop teleportation journey
 16243 | Lair:5   | XOM: chaos cloud
 16244 | Lair:5   | XOM: 1-stop teleportation journey
 16309 | Lair:5   | XOM: blink monster(s)
 16321 | Lair:5   | XOM: chaos cloud
 16614 | Lair:5   | XOM: 1-stop teleportation journey
 16684 | Lair:5   | Reached skill level 12 in Unarmed Combat
 16721 | Lair:5   | XOM: give mutation
 16721 | Lair:5   | Gained mutation: You are clumsy. (Dex -2) [Xom's mischief]
 16856 | Lair:5   | XOM: 3-stop teleportation journey
 16917 | Lair:5   | XOM: polymorph black mamba -> worm
 16932 | Lair:5   | XOM: polymorph elephant -> eye of devastation
 17056 | Lair:5   | Found a runed translucent door.
 17101 | Lair:5   | Found a viscous altar of Jiyva.
 17101 | Lair:5   | Noticed an acid blob
 17101 | Lair:5   | Noticed an acid blob
 17104 | Lair:5   | Found a staircase to the Slime Pits.
 17104 | Lair:5   | Noticed an acid blob
 17104 | Lair:5   | Noticed an acid blob
 17341 | Lair:5   | XOM: give mutation
 17341 | Lair:5   | Lost mutation: You have a pair of small horns on your head.
                  | [Xom's mischief]
 17355 | Lair:5   | XOM: give mutations
 17355 | Lair:5   | Lost mutation: Your system is resistant to poisons. (rPois)
                  | [Xom's mischief]
 17355 | Lair:5   | Lost mutation: You expend magic power (3 MP) to strengthen
                  | your wands. [Xom's mischief]
 17355 | Lair:5   | Lost mutation: Your spells are harder to cast, but more
                  | powerful. [Xom's mischief]
 17441 | Lair:4   | XOM: summons 1 hostile demon
 17496 | Lair:2   | XOM: silly message
 17551 | D:10     | XOM: divination: magic mapping
 17553 | D:10     | Reached skill level 5 in Shapeshifting
 17679 | D:4      | XOM: divination: detect creatures
 17694 | D:3      | Found a runed translucent door.
 17710 | D:3      | Killed Kiciri's ghost
 17975 | D:11     | Got the Discourse on the Inflammable Chill
 18031 | D:11     | XOM: 1-stop teleportation journey
 18297 | D:11     | Found Dioroush's Assorted Antiques.
 18337 | D:11     | Reached skill level 13 in Dodging
 18453 | D:11     | XOM: cloud trail
 18984 | D:12     | XOM: confuse monster(s)
 18986 | D:12     | Reached skill level 6 in Shapeshifting
 19054 | D:12     | Noticed Fannar
 19108 | D:12     | Killed Fannar
 19150 | D:12     | XOM: summons 3 hostile demons
 19258 | D:12     | XOM: swap monsters
 19324 | D:12     | Identified the +8 chain mail of Springtime {Dex+4}
 19369 | D:12     | Reached skill level 7 in Shapeshifting
 19448 | D:12     | XOM: give mutations
 19448 | D:12     | Lost mutation: You occasionally lose the ability to read
                  | scrolls when taking damage. [Xom's mischief]
 19448 | D:12     | Lost mutation: Your natural rate of healing is unusually
                  | fast. [Xom's mischief]
 19448 | D:12     | Gained mutation: You have hidden genetic defects. [Xom's
                  | mischief]
 19448 | D:12     | Lost mutation: Your spells are a little harder to cast, but
                  | a little more powerful. [Xom's mischief]
 19449 | D:12     | Lost mutation: Your muscles are strong. (Str +4, Int/Dex
                  | -1) [potion of mutation]
 19449 | D:12     | Lost mutation: You have hidden genetic defects. [potion of
                  | mutation]
 19449 | D:12     | Lost mutation: Your flesh is cold resistant. (rC+) [potion
                  | of mutation]
 19449 | D:12     | Gained mutation: You expend magic power (3 MP) to
                  | strengthen your wands. [potion of mutation]
 19630 | D:12     | Found a staircase to the Orcish Mines.
 19649 | D:12     | XOM: confuse monster(s)
 19826 | D:12     | XOM: god gift: stone
 19830 | D:12     | Found the +10 morningstar "Eos" {elec, Halo rElec}
 19865 | D:12     | Lost mutation: You expend magic power (3 MP) to strengthen
                  | your wands. [potion of mutation]
 19865 | D:12     | Lost mutation: You are clumsy. (Dex -2) [potion of
                  | mutation]
 19865 | D:12     | Lost mutation: You occasionally lose the ability to drink
                  | potions when taking damage. [potion of mutation]
 19865 | D:12     | Gained mutation: Your health recovers twice as slowly from
                  | being drained. [potion of mutation]
 19865 | D:12     | Gained mutation: Your spells are a little easier to cast,
                  | but a little less powerful. [potion of mutation]
 19894 | D:12     | XOM: 1-stop teleportation journey
 20059 | Orc:1    | Entered Level 1 of the Orcish Mines
 20079 | Orc:1    | Reached XP level 14. HP: 77/77 MP: 22/22
 20272 | Orc:1    | Reached skill level 8 in Shapeshifting
 20402 | Orc:1    | XOM: torment (40/77 hp)
 20456 | Orc:2    | Entered Level 2 of the Orcish Mines
 20538 | Orc:2    | XOM: 1-stop teleportation journey
 21181 | Orc:2    | XOM: 3-stop teleportation journey
 21188 | Orc:2    | XOM: silly message
 21277 | Orc:2    | Noticed an orc warlord
 21300 | Orc:2    | Killed an orc warlord
 21314 | Orc:2    | XOM: confusion
 21832 | Orc:2    | XOM: stat loss: -1 Str (7/8)
 22179 | Orc:2    | XOM: summons 11 friendly demons
 22254 | Orc:2    | Reached skill level 9 in Shapeshifting
 22337 | Orc:2    | XOM: cloud trail
 22509 | Orc:2    | Found a staircase to the Elven Halls.
 22670 | Orc:2    | XOM: give mutation
 22670 | Orc:2    | Gained mutation: You are resistant to electric shocks.
                  | (rElec) [Xom's grace]
 22678 | Orc:2    | Found Igotoxah's General Store.
 22731 | Orc:2    | Found Jazuz's Antique Armour Shoppe.
 22747 | Orc:2    | Found Lupimmeg's Antique Weapon Shoppe.
 22783 | Orc:2    | Found a runed translucent door.
 22784 | Orc:2    | Found a shimmering altar of Xom.
 22784 | Orc:2    | Noticed kskgo's ghost (journeyman DjFE)
 22957 | Orc:2    | Found Moseicim's Book Shoppe.
 22963 | Orc:2    | Bought a book of Alchemy for 420 gold pieces
 22969 | Orc:2    | Learned a level 5 spell: Irradiate
 22974 | Orc:2    | Learned a level 4 spell: Manifold Assault
 23061 | Orc:2    | XOM: god gift: scroll of fog
 23127 | Orc:2    | Bought a scroll of teleportation for 30 gold pieces
 23127 | Orc:2    | Bought a scroll of teleportation for 30 gold pieces
 23291 | D:13     | XOM: fake destruction
 23491 | D:13     | Found a runed translucent door.
 23493 | D:13     | Found a runed translucent door.
 23494 | D:13     | Noticed a fire giant
 23496 | D:13     | Noticed a lich
 23497 | D:13     | Noticed Lauz's ghost (journeyman MiBe)
 23678 | D:13     | XOM: cloud trail
 23808 | D:13     | Reached skill level 1 in Conjurations
 23839 | D:13     | XOM: fake destruction
 23845 | D:13     | XOM: enchant monster (good)
 23908 | D:13     | XOM: 1-stop teleportation journey
 23943 | D:14     | XOM: noise
 23949 | D:14     | XOM: polymorph troll -> rime drake
 23950 | D:14     | XOM: divination: detect creatures
 24031 | D:13     | Reached skill level 3 in Transmutations
 24143 | D:13     | XOM: give mutations
 24143 | D:13     | Gained mutation: Your system is resistant to poisons.
                  | (rPois) [Xom's grace]
 24143 | D:13     | Gained mutation: You passively map a small area around you.
                  | [Xom's grace]
 24147 | D:13     | Reached skill level 2 in Conjurations
 24423 | D:13     | Upgraded the game from 0.31-a0-1147-g46bab52692 to
                  | 0.31-a0-1163-gcee99d1eea
 24437 | D:13     | Upgraded the game from 0.31-a0-1163-gcee99d1eea to
                  | 0.31-a0-1176-gb7303255ee
 24454 | D:13     | XOM: confuse monster(s)
 24461 | D:13     | a slime creature changed into a ghost moth
 24461 | D:13     | Noticed a ghost moth
 24461 | D:13     | XOM: polymorph slime creature -> ghost moth
 24466 | D:13     | Killed a ghost moth
 24467 | D:13     | XOM: smoke on damage
 24629 | D:13     | Found a gate to the Vaults.
 24709 | D:13     | XOM: confusion (+ monsters)
 24710 | D:13     | XOM: summons 5 hostile demons
 24719 | D:13     | Reached skill level 4 in Transmutations
 24721 | D:13     | XOM: cleaving
 24725 | D:13     | XOM: confusion (+ monsters)
 24727 | D:13     | XOM: summons 4 hostile shadow creatures
 24809 | D:13     | XOM: fake destruction
 25138 | D:13     | XOM: fake destruction
 25143 | D:13     | Reached skill level 6 in Spellcasting
 25143 | D:13     | Reached skill level 3 in Conjurations
 25152 | D:13     | Reached skill level 10 in Shapeshifting
 25426 | D:14     | XOM: fog
 25554 | D:14     | Reached skill level 5 in Transmutations
 25611 | D:14     | XOM: scenery: summon butterflies
 25622 | D:14     | Found a shadowy altar of Dithmenos.
 25661 | D:14     | XOM: scenery: summon butterflies
 25732 | D:14     | XOM: divination: detect creatures
 25735 | D:14     | XOM: potion effect (attraction)
 25945 | D:14     | XOM: silly message
 26049 | D:14     | XOM: silly message
 26085 | D:14     | XOM: noise
 26100 | D:14     | Found a runed translucent gate.
 26100 | D:14     | Found a runed translucent gate.
 26100 | D:14     | Found a runed translucent gate.
 26103 | D:14     | Noticed Cuthed's ghost (journeyman OpCK)
 26242 | D:14     | Reached skill level 4 in Conjurations
 26390 | D:15     | Entered Level 15 of the Dungeon
 26475 | D:15     | XOM: noise
 26479 | D:15     | XOM: divination: magic mapping
 26787 | D:15     | XOM: divination: detect items
 26865 | D:15     | XOM: silly message
 26871 | D:15     | Reached skill level 6 in Transmutations
 26871 | D:15     | Reached XP level 15. HP: 80/80 MP: 26/26
 26920 | D:15     | Reached skill level 7 in Spellcasting
 26948 | D:15     | Found a staircase to the Depths.
 26975 | D:15     | XOM: butterfly on damage
 27170 | D:15     | Found a portal to a secret trove of treasure.
 27244 | D:15     | Found an ancient bone altar of Kikubaaqudgha.
 27301 | D:15     | Reached skill level 5 in Conjurations
 27495 | D:15     | XOM: divination: detect creatures
 27526 | D:15     | XOM: potion effect (haste)
 27735 | D:15     | XOM: potion effect (might)
 27739 | D:15     | XOM: silly message
 27757 | D:15     | XOM: noise
 27762 | D:15     | Reached skill level 7 in Transmutations
 27769 | D:15     | XOM: potion effect (attraction)
 27784 | D:15     | Noticed Nessos
 27785 | D:15     | Nessos changed into Nessos the yaktaur
 27785 | D:15     | Noticed Nessos
 27791 | D:15     | Killed Nessos the yaktaur
 27983 | D:13     | XOM: silly message
 27990 | D:13     | XOM: potion effect (experience)
 27990 | D:13     | Reached skill level 6 in Conjurations
 27990 | D:13     | Reached skill level 8 in Transmutations
 27990 | D:13     | Reached XP level 16. HP: 80/85 MP: 28/28
 28026 | D:13     | XOM: silly message
 28158 | Swamp:1  | Entered Level 1 of the Swamp
 28160 | Swamp:1  | Reached skill level 7 in Conjurations
 28190 | Swamp:1  | XOM: silly message
 28210 | Swamp:1  | XOM: potion effect (invisibility)
 28221 | Swamp:1  | Reached skill level 9 in Transmutations
 28228 | Swamp:1  | Killed from afar by a will-o-the-wisp
 28276 | Swamp:1  | XOM: noise
 28416 | Swamp:1  | XOM: polymorph alligator -> orb spider
 28509 | Swamp:1  | Lost mutation: Your spells are a little easier to cast, but
                  | a little less powerful. [potion of mutation]
 28509 | Swamp:1  | Lost mutation: Your system is resistant to poisons. (rPois)
                  | [potion of mutation]
 28509 | Swamp:1  | Gained mutation: You are robust. (+10% HP) [potion of
                  | mutation]
 28509 | Swamp:1  | Gained mutation: You are strong-willed. (Will+) [potion of
                  | mutation]
 28509 | Swamp:1  | Gained mutation: Your flesh is heat resistant. (rF+)
                  | [potion of mutation]
 28617 | Swamp:1  | Identified the +8 ring mail "Xipliwki" {rElec rCorr MP+9}
 28623 | Swamp:1  | XOM: silly message
 28979 | Swamp:2  | XOM: enchant monster (bad)
 28991 | Swamp:2  | Reached skill level 10 in Transmutations
 29003 | Swamp:2  | XOM: 7-stop teleportation journey
 29006 | Swamp:2  | Found the +8 arc blade {discharge, rElec}
 29012 | Swamp:2  | XOM: butterfly on damage
 29054 | Swamp:1  | XOM: summons 9 hostile demons
 29403 | Swamp:2  | XOM: give mutations
 29403 | Swamp:2  | Gained mutation: Your magical capacity is low. (-10% MP)
                  | [Xom's mischief]
 29403 | Swamp:2  | Lost mutation: You are resistant to electric shocks.
                  | (rElec) [Xom's mischief]
 29448 | Swamp:2  | Reached skill level 8 in Spellcasting
 29836 | Swamp:2  | XOM: divination: detect creatures
 30057 | Swamp:3  | Noticed a thorn hunter
 30070 | Swamp:3  | Killed a thorn hunter
 30154 | Swamp:3  | XOM: god gift: scroll of butterflies
 30169 | Swamp:3  | XOM: cleaving
 30728 | Swamp:3  | Noticed a thorn hunter
 30731 | Swamp:3  | XOM: fog
 30741 | Swamp:3  | XOM: confuse monster(s)
 30743 | Swamp:3  | Killed a thorn hunter
 30887 | Swamp:3  | Noticed a thorn hunter
 30894 | Swamp:3  | XOM: cast spell 'Death Channel'
 31103 | Swamp:3  | XOM: give mutations
 31103 | Swamp:3  | Gained mutation: You are very robust. (+20% HP) [Xom's
                  | grace]
 31103 | Swamp:3  | Gained mutation: Your spells are a little harder to cast,
                  | but a little more powerful. [Xom's grace]
 31203 | Swamp:3  | XOM: give mutations
 31203 | Swamp:3  | Lost mutation: You are very robust. (+20% HP) [Xom's
                  | mischief]
 31203 | Swamp:3  | Gained mutation: You have a pair of small antennae on your
                  | head. [Xom's mischief]
 31203 | Swamp:3  | Gained mutation: You are vulnerable to cold. (rC-) [Xom's
                  | mischief]
 31203 | Swamp:3  | Lost mutation: You are strong-willed. (Will+) [Xom's
                  | mischief]
 31302 | Swamp:3  | XOM is BORED!
 31302 | Swamp:3  | XOM: give mutations
 31302 | Swamp:3  | Lost mutation: Your spells are a little harder to cast, but
                  | a little more powerful. [Xom's mischief]
 31302 | Swamp:3  | Lost mutation: Your magical capacity is low. (-10% MP)
                  | [Xom's mischief]
 31324 | Swamp:3  | XOM: torment (45/93 hp)
 31329 | Swamp:3  | XOM: summons 6 hostile demons
 31333 | Swamp:3  | Slain by a sixfirhy
 31470 | Spider:1 | XOM: noise
 31470 | Spider:1 | Entered Level 1 of the Spider Nest
 31480 | Spider:1 | XOM: swap monsters
 31510 | Lair:2   | XOM: give mutation
 31510 | Lair:2   | Gained mutation: You occasionally lose the ability to read
                  | scrolls when taking damage. [Xom's mischief]
 31779 | Spider:1 | XOM: silly message
 31856 | Lair:2   | Reached skill level 11 in Transmutations
 31966 | Lair:2   | XOM: silly message
 32183 | Spider:1 | XOM: summons friendly ufetubus
 32189 | Spider:1 | Reached skill level 14 in Dodging
 32403 | Spider:1 | Found a runed translucent gate.
 32403 | Spider:1 | Found a runed translucent gate.
 32403 | Spider:1 | Found a runed translucent gate.
 32413 | Spider:1 | Noticed Nuutul's ghost (adept SpEn)
 32508 | Spider:1 | XOM: summons friendly shadow imp
 32509 | Spider:1 | XOM: polymorph shadow imp -> ufetubus
 32521 | Spider:1 | XOM: blink monster(s)
 32758 | Spider:1 | Reached skill level 9 in Spellcasting
 32879 | Spider:1 | Reached XP level 17. HP: 99/99 MP: 28/31
 33023 | Spider:1 | XOM: blink monster(s)
 33245 | Spider:1 | XOM: give mutations
 33245 | Spider:1 | Lost mutation: You are robust. (+10% HP) [Xom's mischief]
 33245 | Spider:1 | Lost mutation: You passively map a small area around you.
                  | [Xom's mischief]
 33355 | Spider:1 | XOM: summons 6 hostile demons
 34168 | Spider:2 | XOM: enchant monster (good)
 34431 | Spider:2 | XOM: give mutations
 34431 | Spider:2 | Gained mutation: Your system is resistant to poisons.
                  | (rPois) [Xom's grace]
 34431 | Spider:2 | Gained mutation: Your skin changes colour to match your
                  | surroundings (Stealth+). [Xom's grace]
 34569 | Spider:2 | Reached skill level 11 in Fighting
 34581 | Spider:2 | XOM: confusion (+ monsters)
 34688 | Spider:2 | Noticed Arachne
 34695 | Spider:2 | Killed Arachne
 34696 | Spider:2 | Reached skill level 15 in Dodging
 34696 | Spider:2 | Reached skill level 12 in Transmutations
 34903 | Spider:2 | XOM: give mutations
 34903 | Spider:2 | Gained mutation: Potions are less effective at restoring
                  | your health. [Xom's mischief]
 34903 | Spider:2 | Gained mutation: You do not regenerate when monsters are
                  | visible. [Xom's mischief]
 34903 | Spider:2 | Lost mutation: You do not regenerate when monsters are
                  | visible. [Xom's mischief]
 34903 | Spider:2 | Lost mutation: Your skin changes colour to match your
                  | surroundings (Stealth+). [Xom's mischief]
 35033 | Lair:1   | XOM: god gift: 51 gold pieces
 35427 | D:10     | XOM: noise
 35492 | D:10     | XOM: summons 1 hostile shadow creature
 35716 | D:9      | XOM: give mutations
 35716 | D:9      | Gained mutation: Your flesh is very heat resistant. (rF++)
                  | [Xom's mischief]
 35716 | D:9      | Lost mutation: You are vulnerable to cold. (rC-) [Xom's
                  | mischief]
 35716 | D:9      | Gained mutation: You expend magic power (3 MP) to
                  | strengthen your wands. [Xom's mischief]
 36310 | D:9      | XOM: scenery: summon butterflies
 36327 | D:9      | XOM: divination: detect creatures
 36384 | D:9      | XOM: scenery: summon butterflies
 36543 | D:9      | XOM: 7-stop teleportation journey
 36954 | D:9      | XOM is BORED!
 36954 | Abyss:4  | Cast into level 4 of the Abyss (Xom)
 36973 | Abyss:4  | XOM: fog
 37024 | Abyss:5  | Found a corrupted altar of Lugonu.
 37031 | Abyss:5  | XOM: potion effect (brilliance)
 37034 | D:9      | Escaped the Abyss
 37097 | D:9      | XOM: silly message
 37183 | D:9      | XOM: summons 2 hostile demons
 37316 | D:8      | XOM: summons 9 hostile demons
 37452 | D:9      | XOM: give mutation
 37452 | D:9      | Lost mutation: You have an uncontrollable temper. [Xom's
                  | mischief]
 37803 | D:9      | XOM: summons 9 hostile demons
 37835 | D:8      | XOM: give mutations
 37835 | D:8      | Gained mutation: You have hidden genetic potential. [Xom's
                  | grace]
 37835 | D:8      | Gained mutation: Your spells are a little harder to cast,
                  | but a little more powerful. [Xom's grace]
 37835 | D:8      | Gained mutation: You are partially covered in iridescent
                  | scales. (AC +2) [Xom's grace]
 37835 | D:8      | Gained mutation: Your mind is acute. (Int +4, Str/Dex -1)
                  | [Xom's grace]
 38020 | D:8      | XOM: scenery: create altars
 38506 | D:8      | XOM: noise
 39075 | D:6      | Killed rasy's ghost
 39208 | D:5      | Bought a scroll of revelation for 97 gold pieces
 39208 | D:5      | Bought a potion of curing for 39 gold pieces
 39208 | D:5      | Bought a potion of curing for 39 gold pieces
 39287 | D:5      | Bought a potion of haste for 120 gold pieces
 39287 | D:5      | Bought a potion of haste for 120 gold pieces
 39287 | D:5      | Bought a potion of magic for 96 gold pieces
 39287 | D:5      | Bought a potion of magic for 96 gold pieces
 39554 | Spider:1 | XOM: silly message
 39676 | Spider:2 | XOM: give mutation
 39676 | Spider:2 | Gained mutation: Your spells are harder to cast, but more
                  | powerful. [Xom's grace]
 39831 | Spider:2 | XOM: cast spell 'Death Channel'
 39836 | Spider:2 | XOM: confusion (+ monsters)
 39913 | Spider:3 | Reached skill level 12 in Fighting
 39995 | Spider:3 | XOM: summons 9 hostile demons
 40175 | Spider:3 | XOM: stat loss: -1 Int (21/22)
 40561 | Spider:3 | XOM: enchant monster (bad)
 40766 | Spider:3 | XOM: give mutations
 40766 | Spider:3 | Lost mutation: Your health recovers twice as slowly from
                  | being drained. [Xom's mischief]
 40766 | Spider:3 | Lost mutation: Your mind is acute. (Int +4, Str/Dex -1)
                  | [Xom's mischief]
 40823 | Spider:3 | XOM: silly message
 41199 | Spider:4 | Entered Level 4 of the Spider Nest
 41220 | Spider:4 | Noticed Mara
 41224 | Spider:4 | Noticed EnegeticOcto's illusion
 41393 | Spider:3 | XOM: summons 4 hostile shadow creatures
 41536 | Spider:4 | XOM: divination: magic mapping
 41538 | Spider:4 | XOM: scenery: summon butterflies
 41540 | Spider:4 | Noticed Bai Suzhen
 41663 | Lair:2   | XOM: silly message
 42295 | Swamp:4  | Entered Level 4 of the Swamp
 42299 | Swamp:4  | Reached skill level 5 in Evocations
 42343 | Swamp:4  | XOM: silly message
 42496 | Swamp:4  | XOM: noise
 42746 | Swamp:4  | XOM: potion effect (magic)
 42927 | Swamp:4  | HP: 2/94 [shambling mangrove (21)]
 42927 | Swamp:4  | Constricted to death by a shambling mangrove
 43153 | Swamp:4  | XOM: give mutations
 43153 | Swamp:4  | Gained mutation: You are robust. (+10% HP) [Xom's mischief]
 43153 | Swamp:4  | Lost mutation: You are robust. (+10% HP) [Xom's mischief]
 43153 | Swamp:4  | Lost mutation: You expend magic power (3 MP) to strengthen
                  | your wands. [Xom's mischief]
 43744 | Swamp:4  | XOM: 1-stop teleportation journey
 43746 | Swamp:4  | XOM: divination: magic mapping
 43758 | Swamp:3  | XOM: silly message
 43789 | Swamp:4  | Noticed Donald
 43797 | Swamp:4  | Killed Donald
 44307 | Swamp:4  | XOM: noise
 44347 | Swamp:4  | Reached skill level 6 in Evocations
 44542 | Swamp:4  | Reached skill level 8 in Conjurations
 44756 | Swamp:4  | Reached XP level 18. HP: 99/99 MP: 24/32
 44788 | Swamp:4  | XOM: silly message
 44833 | Swamp:4  | XOM: noise
 44848 | Swamp:4  | XOM: silly message
 44886 | Swamp:4  | XOM: confuse monster(s)
 44899 | Swamp:4  | Reached skill level 16 in Dodging
 45165 | Swamp:4  | Reached skill level 10 in Spellcasting
 45413 | Swamp:4  | XOM: smoke on damage
 45419 | Swamp:4  | Reached skill level 13 in Fighting
 45480 | Swamp:4  | Reached skill level 7 in Evocations
 45741 | Abyss:5  | Found a corrupted altar of Lugonu.
 45741 | Abyss:5  | Cast into level 5 of the Abyss (Xom)
 45741 | Swamp:4  | Escaped the Abyss
 45741 | Swamp:4  | XOM: revert banishment
 45958 | Swamp:4  | Got a decaying rune of Zot
 45959 | Swamp:4  | XOM: torment (51/100 hp)
 46282 | Spider:4 | Identified the ring "Ugumah" {*Corrode rPois EV+5 Str+3}
 46284 | Spider:4 | Noticed EnegeticOcto's illusion
 46533 | Spider:3 | XOM: summons 2 hostile shadow creatures
 46956 | Spider:4 | XOM: enchant monster (good)
 46974 | Spider:4 | XOM: summons friendly white imp
 46975 | Spider:4 | Noticed EnegeticOcto's illusion
 46981 | Spider:4 | Killed Mara
 46982 | Spider:4 | Reached skill level 8 in Evocations
 47246 | Spider:3 | Gained mutation: You have a pair of antennae on your head.
                  | [hidden potential]
 47327 | Spider:4 | Killed Bai Suzhen
 47609 | Spider:4 | Noticed Nikola
 47609 | Spider:4 | XOM: 3-stop teleportation journey
 47702 | Spider:4 | Reached skill level 9 in Evocations
 47816 | Spider:4 | Killed Nikola
 47964 | Spider:4 | XOM: polymorph orb spider -> troll
 48279 | Spider:4 | XOM: noise
 48568 | Spider:4 | XOM: divination: detect creatures
 48898 | Spider:4 | XOM: smoke on damage
 49015 | Spider:4 | XOM: give mutations
 49015 | Spider:4 | Lost mutation: Your system is resistant to poisons. (rPois)
                  | [Xom's mischief]
 49015 | Spider:4 | Gained mutation: You sometimes lose the ability to read
                  | scrolls when taking damage. [Xom's mischief]
 49015 | Spider:4 | Lost mutation: Your flesh is very heat resistant. (rF++)
                  | [Xom's mischief]
 49511 | Spider:4 | XOM: give mutations
 49511 | Spider:4 | Lost mutation: You sometimes lose your temper in combat.
                  | [Xom's mischief]
 49511 | Spider:4 | Gained mutation: You are dopey. (Int -2) [Xom's mischief]
 49511 | Spider:4 | Gained mutation: You sometimes lose your temper in combat.
                  | [Xom's mischief]
 49527 | Spider:4 | XOM: noise
 49638 | Spider:4 | Reached skill level 10 in Evocations
 49727 | Spider:4 | XOM: silly message
 50032 | Spider:3 | XOM: summons 10 hostile demons
 50063 | Spider:4 | XOM: cast spell 'Summon Small Mammal'
 50090 | Spider:4 | XOM: give mutations
 50090 | Spider:4 | Lost mutation: You have hidden genetic potential. [Xom's
                  | mischief]
 50090 | Spider:4 | Gained mutation: Your magical capacity is low. (-10% MP)
                  | [Xom's mischief]
 50090 | Spider:4 | Lost mutation: Potions are less effective at restoring your
                  | health. [Xom's mischief]
 50713 | Spider:4 | Reached skill level 14 in Fighting
 51071 | Spider:4 | Got a gossamer rune of Zot
 51078 | Spider:4 | Learned a level 5 spell: Silence
 51282 | D:10     | XOM: give mutation
 51282 | D:10     | Gained mutation: Your magical capacity is very low. (-20%
                  | MP) [Xom's mischief]
 51387 | Elf:1    | Entered Level 1 of the Elven Halls
 51387 | Elf:1    | Found a runed translucent gate.
 51387 | Elf:1    | Found a runed translucent gate.
 51387 | Elf:1    | Found a runed translucent gate.
 51387 | Elf:1    | Found a runed translucent gate.
 51387 | Elf:1    | Found a runed translucent gate.
 51387 | Elf:1    | Found a runed translucent gate.
 51388 | Elf:1    | Found a runed translucent door.
 51471 | Elf:1    | Found a runed translucent door.
 51491 | Elf:1    | Reached skill level 1 in Air Magic
 51653 | Elf:1    | XOM: summons friendly shadow imp
 51654 | Elf:1    | XOM: cast spell 'Death Channel'
 51669 | Elf:1    | XOM: 1-stop teleportation journey
 51971 | Elf:1    | Reached skill level 6 in Translocations
 52005 | Elf:1    | Paralysed by an air elemental for 1 turns
 52093 | Elf:1    | XOM: confuse monster(s)
 52281 | Elf:1    | Got the Folio of the Mausoleum
 52306 | Elf:1    | Reached skill level 2 in Air Magic
 52437 | Elf:1    | XOM: cloud trail
 52641 | Elf:2    | XOM: scenery: 1 doors open
 52862 | Elf:2    | Found a runed translucent door.
 52862 | Elf:2    | Found a shimmering altar of Xom.
 52862 | Elf:2    | Noticed peterlawrence's ghost (adept MiFi)
 52875 | Elf:2    | XOM: 1-stop teleportation journey
 52903 | Elf:2    | Paralysed by an air elemental for 1 turns
 53031 | Elf:2    | XOM: butterfly on damage
 53089 | Elf:2    | Reached skill level 7 in Translocations
 53296 | Elf:2    | XOM: confusion
 53303 | Elf:2    | Reached XP level 19. HP: 104/107 MP: 27/27
 53343 | Elf:2    | Reached skill level 3 in Air Magic
 53488 | Elf:2    | XOM: summons 4 hostile shadow creatures
 53826 | Elf:2    | XOM: chaos upgrade
 53835 | Elf:2    | XOM: confuse monster(s)
 53839 | Elf:2    | XOM: confuse monster(s)
 53841 | Elf:2    | XOM: divination: magic mapping
 54148 | Elf:2    | Found a huge runed translucent gate.
 54148 | Elf:2    | Found a huge runed translucent gate.
 54153 | Elf:2    | Found a huge runed translucent gate.
 54154 | Elf:2    | Found a huge runed translucent gate.
 54155 | Elf:2    | Found a huge runed translucent gate.
 54259 | Elf:2    | Reached skill level 8 in Translocations
 54338 | Elf:2    | XOM: silly message
 54468 | Elf:3    | Entered Level 3 of the Elven Halls
 54589 | Elf:3    | XOM: give mutations
 54589 | Elf:3    | Lost mutation: You have a pair of antennae on your head.
                  | [Xom's mischief]
 54589 | Elf:3    | Lost mutation: You sometimes lose your temper in combat.
                  | [Xom's mischief]
 54603 | Elf:3    | Found a huge runed gate.
 54603 | Elf:3    | Found a huge runed gate.
 54603 | Elf:3    | Found a huge runed gate.
 54604 | Elf:3    | Found a huge runed gate.
 54604 | Elf:3    | Found a huge runed gate.
 54605 | Elf:3    | Found a huge runed gate.
 54606 | Elf:3    | Found a huge runed gate.
 54606 | Elf:3    | Found a huge runed gate.
 54606 | Elf:3    | Found a huge runed gate.
 54607 | Elf:3    | Found a huge runed gate.
 54607 | Elf:3    | Found a huge runed gate.
 54608 | Elf:3    | Found a huge runed gate.
 54609 | Elf:3    | Found a huge runed gate.
 54610 | Elf:3    | Found a huge runed gate.
 54611 | Elf:3    | Found a huge runed gate.
 54620 | Elf:3    | Found a huge runed gate.
 54620 | Elf:3    | Found a huge runed gate.
 54620 | Elf:3    | Found a huge runed gate.
 54620 | Elf:3    | Found a huge runed gate.
 54621 | Elf:3    | Found a huge runed gate.
 54634 | Elf:3    | Found a huge runed gate.
 54634 | Elf:3    | Found a huge runed gate.
 54636 | Elf:3    | Found a huge runed gate.
 54641 | Elf:3    | Found a huge runed gate.
 54797 | Elf:3    | Reached skill level 4 in Air Magic
 54955 | Elf:3    | XOM: confusion
 54956 | Elf:3    | XOM: summons friendly crimson imp
 54960 | Elf:3    | Reached skill level 17 in Dodging
 55217 | Elf:3    | XOM: 2-stop teleportation journey
 55268 | Elf:3    | XOM: god gift: 7 stones
 55513 | Vaults:1 | Entered Level 1 of the Vaults
 55519 | Vaults:1 | Reached skill level 9 in Translocations
 55581 | Vaults:1 | XOM: give mutation
 55581 | Vaults:1 | Lost mutation: You have a pair of small antennae on your
                  | head. [Xom's mischief]
 55589 | Vaults:1 | XOM: confusion
 55814 | Vaults:1 | Reached skill level 15 in Fighting
 55823 | Vaults:1 | XOM: polymorph vault guard -> shadow dragon
 55927 | Vaults:1 | XOM: give mutations
 55927 | Vaults:1 | Lost mutation: Your magical capacity is very low. (-20% MP)
                  | [Xom's mischief]
 55927 | Vaults:1 | Lost mutation: You are dopey. (Int -2) [Xom's mischief]
 55927 | Vaults:1 | Gained mutation: You have hidden genetic defects. [Xom's
                  | mischief]
 55927 | Vaults:1 | Lost mutation: You have hidden genetic defects. [Xom's
                  | mischief]
 55952 | Vaults:1 | XOM: summons 3 hostile shadow creatures
 55984 | D:13     | XOM: give mutations
 55984 | D:13     | Gained mutation: You possess an exceptional clarity of
                  | mind. [Xom's grace]
 55984 | D:13     | Gained mutation: You passively dampen the noise of your
                  | surroundings. [Xom's grace]
 55984 | D:13     | Gained mutation: You have hidden genetic potential. [Xom's
                  | grace]
 56088 | Vaults:1 | XOM: silly message
 56290 | Vaults:1 | XOM: silly message
 56342 | Vaults:1 | XOM: polymorph arcanist -> boulder beetle
 56351 | Vaults:1 | XOM: summons 4 hostile shadow creatures
 56439 | Vaults:1 | XOM: cleaving
 56440 | Vaults:1 | XOM: 3-stop teleportation journey
 56556 | Vaults:1 | XOM: give mutations
 56556 | Vaults:1 | Lost mutation: Your spells are harder to cast, but more
                  | powerful. [Xom's mischief]
 56556 | Vaults:1 | Lost mutation: Your spells are a little harder to cast, but
                  | a little more powerful. [Xom's mischief]
 56556 | Vaults:1 | Lost mutation: You sometimes lose the ability to read
                  | scrolls when taking damage. [Xom's mischief]
 56563 | Vaults:1 | XOM: cleaving
 56641 | Vaults:1 | XOM: summons 2 friendly demons
 56646 | Vaults:1 | XOM: fog
 56786 | D:12     | XOM: divination: magic mapping
 56994 | Elf:3    | Found a huge runed gate.
 56995 | Elf:3    | Found a huge runed gate.
 56996 | Elf:3    | Found a huge runed gate.
 56997 | Elf:3    | Found a huge runed gate.
 56998 | Elf:3    | Found a huge runed gate.
 56999 | Elf:3    | Found a huge runed gate.
 57000 | Elf:3    | Found a huge runed gate.
 57001 | Elf:3    | Found a huge runed gate.
 57002 | Elf:3    | Found a huge runed gate.
 57010 | Elf:3    | Found a huge runed gate.
 57010 | Elf:3    | Found a huge runed gate.
 57010 | Elf:3    | Found a huge runed gate.
 57015 | Elf:3    | Noticed Roxanne
 57052 | Elf:3    | Reached skill level 11 in Shapeshifting
 57099 | Elf:3    | XOM: stat loss: -1 Int (17/18)
 57103 | Elf:3    | Found Butuv's Antique Armour Shoppe.
 57138 | Elf:3    | XOM: noise
 57148 | Elf:3    | Killed Roxanne
 58013 | Elf:3    | XOM: god gift: wand of flame (6)
 58451 | Elf:3    | XOM: silly message
 59066 | Elf:3    | XOM: silly message
 59068 | Elf:3    | Reached skill level 12 in Shapeshifting
 59069 | Elf:3    | Identified the +4 dagger of the Coward {freeze, +Blink
                  | Int+5 Dex+3}
 59263 | Elf:3    | XOM: silly message
 59463 | Elf:3    | XOM: divination: detect items
 59789 | Elf:3    | XOM: potion effect (berserk rage)
 60113 | Elf:3    | Identified the +7 lajatang "Cat's Death" {spect, Str+4
                  | Int+2}
 60427 | Elf:3    | XOM: divination: magic mapping
 60656 | Elf:3    | XOM: 1-stop teleportation journey
 60846 | Elf:3    | Reached skill level 13 in Shapeshifting
 61216 | Elf:3    | XOM: silly message
 61250 | Elf:3    | XOM: enchant monster (good)
 61257 | Elf:3    | Reached XP level 20. HP: 113/113 MP: 28/31
 61265 | Elf:3    | XOM: scenery: 2 doors close
 61275 | Elf:3    | XOM: fog
 61280 | Elf:3    | XOM: polymorph deep elf blademaster -> lindwurm
 61284 | Elf:3    | Killed from afar by a deep elf annihilator
 61379 | Elf:3    | XOM: summons 2 hostile demons
 62255 | Elf:3    | XOM is BORED!
 62255 | Elf:3    | XOM: noise
 62259 | Elf:3    | Identified the +1 mace "Ecusaots" {freeze, rElec rPois
                  | Int+5}
 62369 | Elf:3    | XOM: divination: detect creatures
 62487 | Elf:3    | XOM: god gift: There-And-Back Book
 62513 | Elf:3    | Learned a level 6 spell: Dispersal
 62540 | Elf:3    | XOM: stat loss: -1 Int (17/18)
 62763 | Elf:3    | Got Giunk's Exposition on the Boggart
 62767 | Elf:3    | Got the Cyclopedia of the Electric Congregation
 62773 | Elf:3    | Learned a level 4 spell: Vhi's Electric Charge
 62820 | Elf:3    | Got the Collected Works on the Shift and Rallying
 62913 | Elf:3    | Noticed Malachi's ghost (adept DsBe)
 62913 | Elf:3    | Noticed Heruu's ghost (adept MiHu)
 62913 | Elf:3    | Noticed Heruu's ghost (adept MiHu)
 62913 | Elf:3    | Noticed Deamich's ghost (journeyman DsBr)
 62913 | Elf:3    | Noticed Heruu's ghost (adept MiHu)
 62913 | Elf:3    | Noticed Kerestru's ghost (adept GrFi)
 62913 | Elf:3    | Noticed Zakh's ghost (adept TeHu)
 62913 | Elf:3    | Noticed Luqutot's ghost (adept MiFi)
 63159 | D:13     | XOM: 1-stop teleportation journey
 63173 | D:13     | XOM: scenery: create altars
 63217 | D:13     | Reached skill level 14 in Shapeshifting
 63343 | Vaults:1 | Identified the orb of Subjectivity {*channel, rElec rC+++
                  | MP-9 Stlth+} (Xom gifted it to you on level 1 of the
                  | Vaults)
 63343 | Vaults:1 | XOM: god gift: orb of Subjectivity {*channel, rElec rC+++
                  | MP-9 Stlth+}
 63350 | D:13     | Learned a level 3 spell: Confusing Touch
 63532 | Vaults:1 | XOM: summons 1 hostile demon
 63700 | Vaults:1 | XOM: enchant monster (bad)
 63731 | Vaults:1 | Gained mutation: You expend magic power (3 MP) to
                  | strengthen your wands. [hidden potential]
 63760 | Vaults:1 | XOM: scenery: 1 doors close
 63763 | Vaults:1 | XOM: smoke on damage
 63835 | Vaults:1 | XOM: enchant monster (good)
 64061 | Vaults:1 | XOM: polymorph vault sentinel -> brain worm
 64092 | Vaults:1 | Reached skill level 18 in Dodging
 64095 | Vaults:1 | XOM: god gift: scroll of fog
 64097 | Vaults:1 | Reached skill level 10 in Translocations
 64098 | Vaults:1 | XOM: divine lightning
 64147 | Vaults:1 | XOM: give mutations
 64147 | Vaults:1 | Lost mutation: Your magical capacity is low. (-10% MP)
                  | [Xom's grace]
 64147 | Vaults:1 | Gained mutation: You passively map a small area around you.
                  | [Xom's grace]
 64147 | Vaults:1 | Gained mutation: You are agile. (Dex +4, Str/Int -1) [Xom's
                  | grace]
 64147 | Vaults:1 | Gained mutation: You passively map the area around you.
                  | [Xom's grace]
 64173 | Vaults:1 | XOM: scenery: 1 doors close
 64404 | Vaults:1 | XOM is BORED!
 64494 | Vaults:1 | XOM: divination: magic mapping
 64761 | Vaults:2 | XOM: enchant monster (bad)
 64839 | Vaults:2 | XOM: stat loss: -1 Str (6/7)
 64979 | Vaults:2 | Reached skill level 11 in Translocations
 64991 | Vaults:2 | XOM: 1-stop teleportation journey
 65051 | Vaults:2 | XOM: 2-stop teleportation journey
 65074 | Vaults:2 | XOM: chaos cloud
 65076 | Vaults:2 | XOM: chaos upgrade
 65089 | Vaults:2 | XOM: chaos upgrade
 65099 | Vaults:2 | Reached skill level 13 in Unarmed Combat
 65115 | Vaults:2 | XOM: noise
 65176 | Vaults:2 | Identified the ring of Amorality {Fire rN++ Stlth+}
 65196 | Vaults:2 | XOM: give mutations
 65196 | Vaults:2 | Lost mutation: You have hidden genetic potential. [Xom's
                  | mischief]
 65196 | Vaults:2 | Gained mutation: You passively map a large area around you.
                  | [Xom's mischief]
 65201 | Vaults:2 | XOM: polymorph ettin -> glowing orange brain
 65408 | Vaults:2 | Reached skill level 12 in Translocations
 65453 | Vaults:2 | XOM: scenery: 2 doors open, 2 doors close
 65479 | Vaults:2 | XOM: god gift: scroll of amnesia
 65568 | Vaults:2 | XOM: give mutations
 65568 | Vaults:2 | Gained mutation: Your muscles are strong. (Str +4, Int/Dex
                  | -1) [Xom's grace]
 65568 | Vaults:2 | Gained mutation: You are mostly covered in iridescent
                  | scales. (AC +4) [Xom's grace]
 65568 | Vaults:2 | Gained mutation: You are completely covered in iridescent
                  | scales. (AC +6) [Xom's grace]
 65568 | Vaults:2 | Gained mutation: Your mind is acute. (Int +4, Str/Dex -1)
                  | [Xom's grace]
 65890 | Vaults:3 | XOM: summons friendly ufetubus
 65973 | Vaults:3 | Reached skill level 15 in Shapeshifting
 66029 | Vaults:3 | Found a huge runed gate.
 66029 | Vaults:3 | Found a huge runed gate.
 66029 | Vaults:3 | Found a huge runed gate.
 66029 | Vaults:3 | Found a huge runed gate.
 66029 | Vaults:3 | Noticed Jory
 66030 | Vaults:3 | Found a huge runed gate.
 66030 | Vaults:3 | Found a huge runed gate.
 66030 | Vaults:3 | Found a huge runed gate.
 66030 | Vaults:3 | Found a huge runed gate.
 66031 | Vaults:3 | Found a huge runed gate.
 66031 | Vaults:3 | Found a huge runed gate.
 66031 | Vaults:3 | Found a huge runed gate.
 66031 | Vaults:3 | Found a huge runed gate.
 66031 | Vaults:3 | Found a huge runed gate.
 66032 | Vaults:3 | Found a huge runed gate.
 66033 | Vaults:3 | Found a huge runed gate.
 66034 | Vaults:3 | Found a huge runed gate.
 66035 | Vaults:3 | Killed Jory
 66036 | Vaults:3 | Found a huge runed gate.
 66044 | Vaults:3 | Found a huge runed gate.
 66044 | Vaults:3 | Found a huge runed gate.
 66044 | Vaults:3 | Found a huge runed gate.
 66044 | Vaults:3 | Found a huge runed gate.
 66044 | Vaults:3 | Found a huge runed gate.
 66044 | Vaults:3 | Found a huge runed gate.
 66045 | Vaults:3 | Found a huge runed gate.
 66046 | Vaults:3 | Found a huge runed gate.
 66047 | Vaults:3 | Found a huge runed gate.
 66055 | Vaults:3 | Found a huge runed gate.
 66055 | Vaults:3 | Found a huge runed gate.
 66055 | Vaults:3 | Found a huge runed gate.
 66055 | Vaults:3 | Found a huge runed gate.
 66055 | Vaults:3 | Found a huge runed gate.
 66055 | Vaults:3 | Found a huge runed gate.
 66056 | Vaults:3 | Found a huge runed gate.
 66057 | Vaults:3 | Found a huge runed gate.
 66058 | Vaults:3 | Found a huge runed gate.
 66067 | Vaults:3 | Found a huge runed gate.
 66085 | Vaults:3 | Reached XP level 21. HP: 117/117 MP: 31/36
 66406 | Vaults:3 | Reached skill level 13 in Translocations
 66494 | Vaults:3 | Found a staircase to the Crypt.
 66639 | Vaults:3 | Acquired 1176 gold pieces
 66722 | Vaults:3 | Reached skill level 14 in Unarmed Combat
 66933 | Vaults:3 | XOM: give mutations
 66933 | Vaults:3 | Gained mutation: You have a pair of small antennae on your
                  | head. [Xom's grace]
 66933 | Vaults:3 | Gained mutation: You are robust. (+10% HP) [Xom's grace]
 66933 | Vaults:3 | Gained mutation: Your mind is very acute. (Int +8, Str/Dex
                  | -2) [Xom's grace]
 66933 | Vaults:3 | Gained mutation: You have a somewhat thin skeletal
                  | structure. (Dex +2, Stealth+) [Xom's grace]
 67188 | Vaults:4 | XOM: god gift: 10 gold pieces
 67209 | Vaults:4 | XOM: polymorph arcanist -> harpy
 67314 | Vaults:4 | XOM: god gift: scroll of poison
 67442 | Vaults:4 | XOM: polymorph white imp -> chaos spawn
 67469 | Vaults:4 | XOM: enchant monster (bad)
 67480 | Vaults:4 | XOM: blink monster(s)
 67557 | Vaults:4 | XOM: silly message
 67630 | Vaults:4 | Noticed Zenata
 67635 | Vaults:4 | XOM: blink monster(s)
 67726 | Vaults:3 | Zenata changed into Zenata the golden dragon
 67726 | Vaults:3 | Noticed Zenata
 67726 | Vaults:3 | XOM: polymorph Zenata -> Zenata the golden dragon
 67729 | Vaults:3 | XOM: summons 2 hostile shadow creatures
 67733 | Vaults:3 | Killed Zenata the golden dragon
 67734 | Vaults:3 | Reached skill level 11 in Hexes
 67765 | Vaults:4 | XOM: blink monster(s)
 67782 | Vaults:4 | XOM: summons 1 hostile shadow creature
 67850 | Vaults:4 | Reached skill level 8 in Stealth
 68481 | D:11     | Bought a condenser vane for 1200 gold pieces
 68481 | D:11     | Bought a scroll of teleportation for 90 gold pieces
 68481 | D:11     | Bought a scroll of revelation for 225 gold pieces
 68582 | Depths:1 | Entered Level 1 of the Depths
 68583 | Depths:1 | Upgraded the game from 0.31-a0-1176-gb7303255ee to
                  | 0.31-a0-1202-ga8fea8b373
 68600 | Depths:1 | XOM: cast spell 'Call Canine Familiar'
 68601 | Depths:1 | XOM: silly message
 68602 | Depths:1 | XOM: silly message
 68608 | Depths:1 | XOM: cast spell 'Summon Small Mammal'
 68802 | Depths:1 | XOM: silly message
 68811 | Depths:1 | Found a corrupted altar of Lugonu.
 68811 | Depths:1 | Found a one-way gate to the infinite horrors of the Abyss.
 68825 | Depths:1 | XOM: divination: detect items
 68867 | Depths:1 | Found an iron altar of Okawaru.
 68878 | Depths:1 | XOM: divination: detect items
 69102 | Depths:1 | XOM: silly message
 69167 | Depths:1 | XOM: silly message
 69230 | Depths:1 | XOM: 7-stop teleportation journey
 69272 | Depths:1 | Found a hide-covered altar of Uskayaw.
 69338 | Depths:1 | XOM is BORED!
 69338 | Depths:1 | XOM: summons 2 hostile demons
 69351 | Depths:1 | Found a gateway to Hell.
 69601 | Depths:1 | XOM: polymorph purple ugly thing -> red ugly thing
 69630 | Depths:2 | Reached skill level 9 in Stealth
 69734 | Depths:2 | XOM: repel stairs
 69745 | Depths:2 | Reached skill level 12 in Hexes
 69745 | Depths:2 | Reached XP level 22. HP: 76/135 MP: 34/37
 69747 | Depths:2 | Mangled by a stone giant
 69810 | Depths:2 | Reached skill level 15 in Unarmed Combat
 69864 | Depths:2 | Reached skill level 16 in Shapeshifting
 69896 | Depths:2 | XOM: smoke on damage
 69903 | Depths:2 | Reached skill level 11 in Spellcasting
 70011 | Depths:2 | Identified the serpent talisman of the Elven Halls {Int+5}
 70058 | Depths:2 | Noticed a golden dragon
 70060 | Depths:2 | XOM: divination: detect items
 70072 | Depths:2 | Killed a golden dragon
 70082 | Depths:2 | Reached skill level 19 in Dodging
 70188 | Depths:2 | XOM: 2-stop teleportation journey
 70192 | Depths:2 | XOM: give mutations
 70192 | Depths:2 | Lost mutation: You have a somewhat thin skeletal structure.
                  | (Dex +2, Stealth+) [Xom's mischief]
 70192 | Depths:2 | Lost mutation: You are completely covered in iridescent
                  | scales. (AC +6) [Xom's mischief]
 70192 | Depths:2 | Lost mutation: You have a pair of small antennae on your
                  | head. [Xom's mischief]
 70243 | Depths:2 | Found a one-way gate leading to the halls of Pandemonium.
 70543 | Depths:2 | Reached skill level 16 in Fighting
 70561 | Depths:2 | XOM: stat loss: -1 Dex (31/32)
 70662 | Depths:3 | XOM: blink monster(s)
 70725 | Depths:3 | XOM: enchant monster (good)
 70769 | Depths:3 | XOM: enchant monster (bad)
 70869 | Depths:3 | Identified the storm talisman of the Rhinotaur {Int+3}
 70920 | Depths:3 | Reached skill level 11 in Evocations
 70981 | Depths:3 | Found a glowing golden altar of the Shining One.
 71123 | Depths:3 | XOM: smoke on damage
 71158 | Depths:3 | Found a one-way gateway to a ziggurat.
 71373 | Depths:3 | XOM: give mutations
 71373 | Depths:3 | Gained mutation: You are completely covered in iridescent
                  | scales. (AC +6) [Xom's grace]
 71373 | Depths:3 | Gained mutation: You are very robust. (+20% HP) [Xom's
                  | grace]
 71373 | Depths:3 | Gained mutation: You have a somewhat thin skeletal
                  | structure. (Dex +2, Stealth+) [Xom's grace]
 71373 | Depths:3 | Gained mutation: You are partially covered in large bone
                  | plates. (SH +4) [Xom's grace]
 71511 | Depths:4 | Entered Level 4 of the Depths
 71595 | Depths:4 | XOM: fog
 71702 | Depths:4 | XOM: confuse monster(s)
 71707 | Depths:4 | XOM: enchant monster (good)
 71780 | Depths:4 | Reached skill level 16 in Unarmed Combat
 71822 | Depths:4 | Reached skill level 20 in Dodging
 71838 | Depths:4 | Found a gate to the Realm of Zot.
 71841 | Depths:4 | XOM: noise
 71868 | Depths:4 | XOM: polymorph black draconian knight -> ettin
 72100 | Depths:4 | XOM: potion effect (invisibility)
 72110 | Depths:4 | Reached skill level 12 in Evocations
 72122 | Depths:4 | XOM: potion effect (curing)
 72262 | Depths:4 | XOM: potion effect (might)
 72267 | Depths:4 | XOM: potion effect (might)
 72268 | Depths:4 | XOM: silly message
 72455 | Depths:4 | Reached XP level 23. HP: 156/156 MP: 34/39
 72555 | Depths:4 | Reached skill level 17 in Fighting
 72676 | Depths:4 | XOM: noise
 72706 | Depths:4 | Noticed a caustic shrike
 72768 | Depths:4 | Killed a caustic shrike
 73071 | Zig:1    | Entered Level 1 of a ziggurat
 73085 | Zig:2    | Entered Level 2 of a ziggurat
 73125 | Zig:3    | Entered Level 3 of a ziggurat
 73160 | Zig:3    | Identified the +8 falchion "Guussuz" {antimagic, rPois
                  | Dex+3}
 73162 | Zig:4    | Entered Level 4 of a ziggurat
 73223 | Zig:4    | Identified the ring "Roonuicw" {^Drain rC+ rCorr Dex+2
                  | SInv}
 73229 | Zig:5    | Entered Level 5 of a ziggurat
 73240 | Zig:5    | Paralysed by an air elemental for 1 turns
 73241 | Zig:5    | XOM: potion effect (attraction)
 73292 | Zig:5    | XOM: silly message
 73560 | Crypt:1  | Entered Level 1 of the Crypt
 73647 | Crypt:1  | XOM: silly message
 73675 | Crypt:1  | Reached skill level 21 in Dodging
 73814 | Crypt:1  | XOM: cloud trail
 73831 | Crypt:1  | XOM: silly message
 73865 | Crypt:1  | XOM: confuse monster(s)
 74004 | Crypt:1  | Reached skill level 17 in Unarmed Combat
 74497 | Crypt:1  | XOM: torment (159/204 hp)
 74735 | Crypt:2  | XOM: summons 4 friendly demons
 74784 | Crypt:2  | Noticed Grunn
 74804 | Crypt:2  | Killed Grunn
 74880 | Crypt:2  | Found an ancient bone altar of Kikubaaqudgha.
 74901 | Crypt:2  | Noticed Frederick
 74908 | Crypt:2  | Killed Frederick
 74916 | Crypt:2  | XOM: confuse monster(s)
 74951 | Crypt:2  | XOM: smoke on damage
 74994 | Crypt:2  | Reached skill level 18 in Fighting
 75088 | Crypt:2  | XOM: enchant monster (bad)
 75100 | Crypt:2  | XOM: chaos upgrade
 75107 | Crypt:2  | XOM: blink monster(s)
 75191 | Crypt:2  | Reached skill level 18 in Unarmed Combat
 75196 | Crypt:2  | Noticed Vv
 75209 | Crypt:2  | Killed Vv
 75257 | Crypt:2  | Found a runed translucent door.
 75267 | Crypt:2  | Noticed Wed Dyk's ghost (veteran MiBe)
 75363 | Crypt:2  | XOM: scenery: 2 doors close
 75475 | Crypt:2  | XOM: 4-stop teleportation journey
 75625 | Crypt:3  | Entered Level 3 of the Crypt
 75763 | Crypt:3  | XOM: polymorph death knight -> glowing shapeshifter
 75768 | Crypt:3  | XOM: confuse monster(s)
 75774 | Crypt:3  | XOM: destruction
 75776 | Crypt:3  | XOM: fog
 75784 | Crypt:3  | XOM: cast spell 'Discord'
 75799 | Crypt:3  | Reached skill level 19 in Unarmed Combat
 76061 | Crypt:3  | XOM: enchant monster (good)
 76217 | Crypt:3  | Found a staircase to the Tomb.
 76345 | Crypt:3  | XOM: divination: detect items
 76376 | Crypt:3  | Identified the staff "Cat's Peril" {rElec rN++ Str-2 Hexes
                  | Summ Air}
 76448 | Crypt:3  | XOM: cloud trail
 76528 | Crypt:3  | XOM: fog
 76564 | Crypt:3  | XOM: god gift: runed spear {god gift}
 76583 | Crypt:3  | XOM: 1-stop teleportation journey
 76596 | Crypt:3  | XOM: noise
 76617 | Crypt:3  | Reached XP level 24. HP: 164/164 MP: 39/39
 76736 | Crypt:3  | Reached skill level 20 in Unarmed Combat
 76837 | Crypt:3  | XOM: summons 1 hostile demon
 76899 | Crypt:3  | XOM: give mutations
 76899 | Crypt:3  | Lost mutation: You are agile. (Dex +4, Str/Int -1) [Xom's
                  | mischief]
 76899 | Crypt:3  | Lost mutation: You have a somewhat thin skeletal structure.
                  | (Dex +2, Stealth+) [Xom's mischief]
 76899 | Crypt:3  | Lost mutation: Your muscles are strong. (Str +4, Int/Dex
                  | -1) [Xom's mischief]
 76899 | Crypt:3  | Lost mutation: You are very robust. (+20% HP) [Xom's
                  | mischief]
 77094 | Crypt:3  | Found the +9 scales of the Dragon King {rPois rF+ rC+
                  | Will+}
 77146 | Crypt:3  | Identified the ring "Toje" {rN+ Str+5 Dex+5 Slay-4}
 77146 | Crypt:3  | Identified the ring of Cuazab {rN+ Int+3}
 77190 | Crypt:3  | XOM: stat loss: -1 Str (5/6)
 77309 | Vaults:3 | XOM: silly message
 77396 | Vaults:3 | Got the Monograph on Damage and Fumes
 77436 | Vaults:4 | XOM: give mutations
 77436 | Vaults:4 | Lost mutation: You occasionally lose the ability to read
                  | scrolls when taking damage. [Xom's mischief]
 77436 | Vaults:4 | Lost mutation: Your flesh is heat resistant. (rF+) [Xom's
                  | mischief]
 77436 | Vaults:4 | Lost mutation: You are completely covered in iridescent
                  | scales. (AC +6) [Xom's mischief]
 77450 | Vaults:5 | Entered Level 5 of the Vaults
 77453 | Vaults:5 | Noticed a dread lich
 77473 | Vaults:5 | XOM: draining
 77610 | Vaults:5 | XOM: smoke on damage
 77627 | Vaults:5 | XOM: summons 2 friendly demons
 77632 | Vaults:5 | Killed a dread lich
 77635 | Vaults:5 | XOM: noise
 77793 | Vaults:5 | Found Zoimotoa's Jewellery Boutique.
 77798 | Vaults:5 | XOM: blink monster(s)
 77821 | Vaults:5 | Found Kulu's Jewellery Shoppe.
 77851 | Vaults:5 | Bought a ring of protection from fire for 425 gold pieces
 77894 | Vaults:5 | Bought a ring of protection from fire for 375 gold pieces
 78297 | Vaults:5 | XOM: 3-stop teleportation journey
 78301 | Vaults:5 | Identified the ring of Peeseifi {Str+6 Int+3 SInv}
 78302 | Vaults:5 | XOM: destruction
 78552 | Vaults:5 | Identified the +4 ring mail of Ravioli {rElec Str+4}
 78642 | Vaults:5 | Identified the +7 dagger of the Grave {venom, rN+ Will+++
                  | Int-3 Stlth+}
 79068 | Vaults:5 | XOM: silly message
 79080 | Vaults:5 | XOM: 2-stop teleportation journey
 79330 | Vaults:5 | XOM: divination: detect creatures
 79481 | Vaults:5 | XOM: polymorph deep troll -> redback
 79482 | Vaults:5 | XOM: god gift: scroll of teleportation
 79732 | Vaults:5 | Reached skill level 12 in Spellcasting
 79741 | Vaults:5 | XOM: smoke on damage
 79774 | Vaults:5 | Got a silver rune of Zot
 79875 | Vaults:5 | XOM: enchant monster (bad)
 79886 | Vaults:5 | Reached skill level 19 in Fighting
 79886 | Vaults:5 | Reached skill level 22 in Dodging
 79965 | Vaults:5 | XOM: give mutations
 79965 | Vaults:5 | Lost mutation: You are mostly covered in iridescent scales.
                  | (AC +4) [Xom's mischief]
 79965 | Vaults:5 | Lost mutation: You possess an exceptional clarity of mind.
                  | [Xom's mischief]
 80266 | Vaults:5 | Learned a level 1 spell: Apportation
 80268 | Vaults:5 | Learned a level 1 spell: Summon Small Mammal
 80290 | Vaults:5 | Identified the +6 hand axe of Honour {drain, Will+}
 80536 | Zot:1    | Entered Level 1 of the Realm of Zot
 80536 | Zot:1    | XOM: noise
 80560 | Zot:1    | Noticed an orb of fire
 80560 | Zot:1    | Found a transporter.
 80784 | Zot:2    | Reached XP level 25. HP: 160/160 MP: 17/40
 80927 | Zot:3    | Noticed a dread lich
 80927 | Zot:3    | XOM: 1-stop teleportation journey
 80963 | Zot:3    | Learned a level 4 spell: Flame Wave
 80992 | Zot:3    | Noticed an orb of fire
 80993 | Zot:3    | Killed an orb of fire
 80994 | Zot:3    | Reached skill level 21 in Unarmed Combat
 81013 | Zot:2    | Reached skill level 17 in Shapeshifting
 81112 | Zot:2    | Found a shadowy altar of Dithmenos.
 81194 | Zot:2    | Reached skill level 20 in Fighting
 81392 | Zot:2    | Found a transporter.
 81512 | Zot:2    | XOM: give mutations
 81512 | Zot:2    | Gained mutation: You are occasionally teleported next to
                  | monsters. [Xom's mischief]
 81512 | Zot:2    | Lost mutation: You expend magic power (3 MP) to strengthen
                  | your wands. [Xom's mischief]
 81517 | Zot:2    | Lost mutation: You passively map a large area around you.
                  | [potion of mutation]
 81517 | Zot:2    | Lost mutation: You are occasionally teleported next to
                  | monsters. [potion of mutation]
 81517 | Zot:2    | Lost mutation: You are partially covered in iridescent
                  | scales. (AC +2) [potion of mutation]
 81517 | Zot:2    | Gained mutation: You occasionally lose the ability to drink
                  | potions when taking damage. [potion of mutation]
 81517 | Zot:2    | Gained mutation: You possess an exceptional clarity of
                  | mind. [potion of mutation]
 81642 | Zot:4    | XOM: 1-stop teleportation journey
 81653 | Zot:4    | Reached skill level 21 in Fighting
 81785 | Zot:5    | Entered Level 5 of the Realm of Zot
 82360 | Zot:5    | Noticed an ancient lich
 82361 | Zot:5    | Noticed an orb of fire
 82362 | Zot:5    | Noticed a Killer Klown
 82363 | Zot:5    | Noticed a dread lich
 82363 | Zot:5    | XOM: 1-stop teleportation journey
 82369 | Zot:5    | Got the Orb of Zot
 82433 | Zot:4    | XOM: 6-stop teleportation journey
 82446 | Zot:4    | Noticed a seraph
 82470 | Zot:4    | XOM: polymorph ynoxinul -> red devil
 82489 | Zot:2    | Noticed Jamurry the pandemonium lord
 82501 | Zot:2    | Killed Jamurry the pandemonium lord
 82599 | Depths:3 | Noticed Bungaecu the pandemonium lord
 82790 | D:9      | XOM: enchant monster (bad)
 82847 | D:5      | XOM: silly message
 82886 | D:3      | XOM: summons 1 hostile demon
 82926 | D:2      | XOM: give mutations
 82926 | D:2      | Gained mutation: Your spells are a little easier to cast,
                  | but a little less powerful. [Xom's mischief]
 82926 | D:2      | Gained mutation: You have a pair of small horns on your
                  | head. [Xom's mischief]
 82926 | D:2      | Gained mutation: You are strong-willed. (Will+) [Xom's
                  | mischief]
 82945 | D:$      | Escaped with the Orb!

Illustrated notes

Levels and vault maps discovered:
D:1:      dpeg_arrival_tiny_a, layout_rooms, minmay_stone_trees_medium
D:2:      layout_basic, hellmonk_ecumenical_altar_lost_god
D:3:      layout_basic, mainiacjoe_overflow_boulevard, serial_aquarium,
          aquarium_bridge_straight [aquarium_subvault_bridge,
          aquarium_subvault_wall, aquarium_subvault_bridge,
          aquarium_subvault_balcony], aquarium_window_1, aquarium_window_fake,
          aquarium_view_2c, aquarium_balcony_1b, aquarium_pool_S,
          ebering_ghost_reflecting_pool, minmay_misc_feat_tiny, uniq_natasha,
          uniq_terence
D:4:      layout_basic, mainiacjoe_overflow_six_doors_small, slow_altar_1
D:5:      layout_loops_corners, minmay_temple_entry_fiery, serial_shops,
          nicolae_shop_temple_entry_statues_fountains, shop, shop,
          nicolae_shop_peninsula, nicolae_shop_gaudy_bauble
D:6:      layout_cave_pools, fiery_altar_vehumet, mainiacjoe_overflow_24_doors,
          nzn_wu_jian_council_hall, gammafunk_ghost_nasty_kobolds,
          amcnicky_mini_pool_small, uniq_jeremiah
D:7:      layout_loops_ring, minmay_curled_crystal, uniq_joseph, uniq_maurice
D:8:      layout_loops_cross, nicolae_qazlal_general_emergency, uniq_pikel
D:9:      layout_cave_pools, mainiacjoe_overflow_brackets,
          serial_library_hellmonk_double_dead_end
D:10:     layout_loops_ring, zin_scriptorium,
          gammafunk_temple_overflow_elements, erik_lair_island
D:11:     minmay_weird_star, layout_basic, serial_shops, shop
D:12:     layout_long_grid, orc_0_dummy, kb_rosetta, uniq_fannar
D:13:     layout_basic, david_vaults_5, muffindrake_ghost_dual_entry,
          serial_rivers, chequers_serial_rivers_small_a,
          chequers_serial_rivers_small_b, chequers_serial_rivers_small_b,
          chequers_serial_rivers_large_a, chequers_serial_rivers_large_b
D:14:     layout_loops_cross, nicolae_dithmenos_the_darkroom,
          gammafunk_ghost_hydra_chop, minmay_misc_feat_rugged
D:15:     hangedman_depths_entry_civil_slaughter, layout_grid_maze,
          enter_trove_5, nicolae_kikubaaqudgha_miasma_corner, uniq_nessos
Lair:1:   layout_gridlike, chequers_serial_rivers_micro_d, uniq_harold
Lair:2:   layout_loops_ring, hellmonk_spider_entry_life_and_decay,
          portal_ice_cave_entry_pillars_2
Lair:3:   layout_small_grid, mainiacjoe_swamp_entry_angry_trees,
          lemuel_fruit_tree
Lair:4:   layout_gridlike, nzn_random_ring
Lair:5:   grunt_lair_end_beastmaster, layout_cellular_growth, slime_entry_2,
          infiniplex_staircase_pool, serial_bayou_shore_a, uniq_kirke,
          uniq_rupert
Swamp:1:  layout_falls_marsh, nicolae_swamp_triple_paths
Swamp:2:  layout_basic_swamp, serial_swamp_ruin, evilmike_swamp_ruin_house_2,
          evilmike_swamp_ruin_house_6, swamp_pool_4
Swamp:3:  layout_falls_marsh, hangedman_swamp_ruin_hall
Swamp:4:  swamp_fiery, layout_basic_swamp, uniq_donald
Spider:1: layout_spider_delve, gammafunk_ghost_split,
          nicolae_spider_nooks_and_crannies
Spider:2: layout_spider_delve, uniq_arachne
Spider:3: layout_spider_delve
Spider:4: johnstein_spider_rune_arachne_lair, nicolae_spider_webs_and_nodes,
          nicolae_spider_eight_legs, uniq_mara, uniq_bai_suzhen, uniq_nikola
Orc:1:    layout_caves
Orc:2:    grunt_orc_cross, layout_diamond_mine, ebering_ghost_xom,
          mumra_transporter_accident
Elf:1:    nicolae_elf_arrival_dilemma, layout_loops_cross,
          minmay_elf_necromancy, evilmike_minifort
Elf:2:    elven_hall_of_blades_hangedman_alternative [mumra_blade_entry_dagger],
          layout_gridlike, ebering_ghost_xom, uniq_aizul
Elf:3:    nooodl_elf_gasket, layout_loops_corners, gammafunk_ghost_door_vault,
          serial_shops, nicolae_shop_real_fake_doors, uniq_roxanne
Vaults:1: nicolae_vaults_shipping_containers_6, vaults_room_pool, v_misc_19,
          grunt_vaults_funnel, nicolae_vaults_layer_cake_slice,
          vaults_room_grunt_arrival_ludios, nicolae_vaults_trapezoid_lopsided_1,
          vaults_room_stairs_pillars, nicolae_vaults_diamond_1, v_misc_17,
          nicolae_vaults_double_plus_1, layout_vaults_big_room
Vaults:2: nicolae_vaults_tetromino_Z_1, vaults_standard_mumra_enter_the_diamond,
          v_alt_pattern_1, vaults_room_hallway, nicolae_vaults_network_square,
          v_misc_8, vaults_dpeg_emergency_exit, nicolae_vaults_tangram_2,
          hangedman_vaults_restitches, nicolae_vaults_murder_corner,
          nicolae_vaults_storage_closets_3, hangedman_vaults_slice,
          layout_vaults_omnicross
Vaults:3: nicolae_vaults_stepped_doors, v_misc_3, ontoclasm_vaults_gateway,
          vaults_mumra_hexcomb, not_door_vault_mu, hangedman_vaults_nodes,
          nicolae_vaults_alarming, vaults_mumra_minichess,
          minmay_crypt_entry_simple_walls, nicolae_vaults_cochlea,
          layout_vaults_ring, uniq_jory
Vaults:4: vaults_dpeg_doors, nicolae_vaults_double_plus_3, vaults_dpeg_spiral,
          nicolae_vaults_mini_display_case, v_pattern_1,
          nicolae_vaults_hexular_roomagon, nicolae_vaults_double_plus_3,
          nicolae_vaults_mitosis, vaults_room_door_ring, serial_ice_g,
          nicolae_vaults_closet_pinwheel_3,
          nicolae_vaults_windows_and_doors_thing, v_misc_1, layout_vaults_maze,
          uniq_zenata
Vaults:5: serial_shops
Crypt:1:  layout_catacombs, serial_library_hellmonk_recessed_alcove, st_stairs_7
Crypt:2:  layout_regular_city, hellmonk_ghost_happy_afterlife, basic_altar,
          st_stairs_1, grunt_megastairs_3, uniq_grunn, uniq_frederick, uniq_vv
Crypt:3:  due_elkab, layout_chaotic_city
Depths:1: layout_gridville, nicolae_uskayaw_en_pointe, abyss_entry_flame_altar,
          grunt_hell_entry_dis_grunt, okawaru_trees_2
Depths:2: grunt_x_marks_the_spot, layout_cave_pools, grunt_pan_entry_sceptre,
          minmay_holes, hell_entry
Depths:3: minmay_bubble_buster, layout_cave_pools, enter_ziggurat_e,
          nicolae_tso_carved_into_rock, abyss_entry, hell_entry,
          infiniplex_staircase_spiral_double
Depths:4: grunt_zot_entry_funnels, layout_honeycomb, lightli_too_deep,
          solitary_fountain, kennysheep_four_rooms
Zot:1:    gammafunk_sealed_library, layout_cellular_growth,
          regret_index_zotdec_barnacled_simple, hangedman_zot_decor_slant,
          skrybe_zot_glass_3
Zot:2:    gammafunk_its_a_trap, layout_twisted_circle,
          regret_index_zotdec_icy_dp
Zot:3:    hellmonk_crystal_mountain, layout_concentric_octagons,
          hangedman_zot_decor_unnerving_road,
          regret_index_zotdec_silver_v_v_orig_slice,
          hellmonk_greenhouse_of_terror, uniq_josephina
Zot:4:    layout_cathedral_of_symmetry, hangedman_zot_gyre,
          regret_index_zotdec_plus, skrybe_zot_glass_1
Zot:5:    layout_gridlike, st_stairs_7

Skill      XL: |  1  2  3  4  5  6  7  8  9 10 11 12 13 14 15 16 17 18 19 20 21 22 23 24 25 |
---------------+----------------------------------------------------------------------------+-----
Stealth        | 2 3 4 7 9 |  9.0
Dodging        | 4 5 7 9 12 13 14 15 16 17 18 20 21 22 | 22.1
Unarmed Combat | 4 5 7 8 9 10 12 13 14 16 19 20 21 | 21.0
Fighting       | 5 6 8 9 10 12 14 15 16 18 19 21 | 21.8
Translocations | 5 7 9 12 13 | 13.0
Ice Magic      | 4 8 |  8.0
Hexes          | 5 7 10 12 | 12.0
Spellcasting   | 3 5 6 7 9 10 11 12 | 12.0
Evocations     | 1 4 6 10 12 | 12.0
Shapeshifting  | 3 7 10 13 15 16 17 | 17.8
Transmutations | 2 6 8 11 12 | 12.5
Earth Magic    | 2 |  2.0
Conjurations   | 4 6 7 8 |  8.0
Air Magic      | 2 4 |  4.0

Action                     |  1- 3 |  4- 6 |  7- 9 | 10-12 | 13-15 | 16-18 | 19-21 | 22-24 | 25-27 || total
---------------------------+-------+-------+-------+-------+-------+-------+-------+-------+-------++-------
  Melee: Unarmed           |   102 |   133 |   274 |   292 |   795 |  1041 |  1665 |  1739 |   230 ||  6271
         Bite              |     6 |    15 |    36 |    36 |   114 |   147 |   343 |   327 |    40 ||  1064
         Punch             |     4 |     3 |    17 |    16 |    65 |   103 |   220 |   306 |    36 ||   770
         Headbutt          |       |       |       |    17 |    21 |       |       |       |       ||    38
         Maw               |       |       |       |       |    89 |   419 |   283 |       |       ||   791
   Cast: Blink             |       |       |    21 |     3 |     4 |     9 |     7 |     1 |     2 ||    47
         Ensorcelled Hiber |       |       |     7 |    62 |   108 |    29 |     8 |       |       ||   214
         Ozocubu's Armour  |       |       |     2 |    21 |    41 |    77 |    24 |       |       ||   165
         Passwall          |       |       |       |     3 |     7 |    17 |     4 |     2 |    10 ||    43
         Manifold Assault  |       |       |       |       |    15 |    65 |    24 |    51 |    21 ||   176
         Irradiate         |       |       |       |       |       |   209 |    84 |    36 |     9 ||   338
         Silence           |       |       |       |       |       |     1 |    33 |    10 |       ||    44
         Vhi's Electric Ch |       |       |       |       |       |       |    36 |    53 |     9 ||    98
         Apportation       |       |       |       |       |       |       |       |       |     1 ||     1
         Flame Wave        |       |       |       |       |       |       |       |       |     1 ||     1
  Evoke: Wand              |       |       |     1 |     7 |     7 |    92 |    25 |     7 |     2 ||   141
         Condenser vane    |       |       |       |       |       |       |     1 |     3 |       ||     4
         Box of beasts     |       |       |       |       |       |       |     1 |     2 |       ||     3
         Phial of floods   |       |       |       |       |       |       |     1 |       |       ||     1
    Use: Scroll            |     6 |     6 |     3 |    12 |     3 |    22 |     7 |     6 |     8 ||    73
         Potion            |     3 |     2 |     2 |     3 |     3 |     7 |    15 |    10 |     6 ||    51
   Stab: Sleeping          |     9 |     8 |    11 |    51 |    66 |    38 |    41 |    59 |    13 ||   296
         Invisible         |       |     1 |     6 |       |       |     1 |       |    22 |       ||    30
         Paralysed         |       |       |     1 |       |     2 |    16 |     1 |     1 |       ||    21
         Distracted        |       |       |       |     1 |     3 |     1 |     2 |     7 |       ||    14
         Confused          |       |       |       |       |     6 |     1 |     3 |     5 |       ||    15
         Petrified         |       |       |       |       |     2 |       |       |     1 |       ||     3
         Betrayed ally     |       |       |       |       |       |     1 |     1 |       |       ||     2
 Armour: Skin              |    29 |    34 |    65 |    75 |   207 |   372 |   580 |   566 |    90 ||  2018
  Dodge: Dodged            |    55 |    85 |   230 |   356 |  1014 |  2097 |  3075 |  3261 |   385 || 10558
  Block: Other             |       |       |       |       |       |       |       |   249 |    42 ||   291
   Form: Beast             |       |       |       |       |     1 |       |       |       |       ||     1
         Maw               |       |       |       |       |     1 |       |       |       |       ||     1
         Statue            |       |       |       |       |       |       |     1 |       |       ||     1

Table legend: (Time is in decaauts)
 A = Elapsed time spent in this place.
 B = Non-inter-level travel time spent in this place.
 C = Inter-level travel time spent in this place.
 D = Time resting spent in this place.
 E = Time spent auto-exploring this place.
 F = Levels seen in this place.
 G = Mean time per level.
                   A        B        C        D        E       F      G
               +--------+--------+--------+--------+--------+-----+--------+
         Total |  92467 |  85036 |   7431 |  27358 |  35118 |  58 | 1594.3 |
       Dungeon |  25770 |  22349 |   3421 |   7726 |   9899 |  15 | 1718.0 |
          Lair |   6776 |   6033 |    743 |   1592 |   2853 |   5 | 1355.2 |
         Swamp |   7973 |   7697 |    276 |   3479 |   2518 |   4 | 1993.2 |
   Spider Nest |  10165 |   9476 |    689 |   4439 |   2782 |   4 | 2541.2 |
  Orcish Mines |   3460 |   3147 |    313 |   1330 |   1002 |   2 | 1730.0 |
   Elven Halls |   9902 |   9600 |    302 |   4923 |   2339 |   3 | 3300.7 |
        Vaults |  12971 |  12108 |    863 |   2883 |   5443 |   5 | 2594.2 |
         Crypt |   5285 |   5158 |    127 |    295 |   2777 |   3 | 1761.7 |
        Depths |   6843 |   6284 |    559 |    240 |   4164 |   4 | 1710.8 |
           Zot |   2895 |   2760 |    135 |    429 |   1156 |   5 |  579.0 |
         Abyss |     77 |     77 |      0 |      0 |      0 |   3 |   25.7 |
      Ziggurat |    344 |    344 |      0 |     17 |    183 |   5 |   68.8 |
               +--------+--------+--------+--------+--------+-----+--------+

Top non-repeatable levels by time:
   Elf:3: 6744 daAuts
Vaults:5: 4018 daAuts
 Swamp:4: 3499 daAuts
Spider:4: 3430 daAuts
Spider:3: 3246 daAuts
    D:13: 3239 daAuts
Vaults:1: 3185 daAuts
     D:8: 3035 daAuts
   Orc:2: 2814 daAuts
     D:9: 2720 daAuts
 Crypt:3: 2223 daAuts
Depths:4: 2210 daAuts
Vaults:3: 2091 daAuts
    D:10: 1939 daAuts
Vaults:2: 1911 daAuts

Table legend:
 A = Kills in this place as a percentage of kills in the entire game.
 B = Kills by you in this place as a percentage of kills by you in the entire game.
 C = Kills by friends in this place as a percentage of kills by friends in the entire game.
 D = Other kills in this place as a percentage of other kills in the entire game.
 E = Experience gained in this place as a percentage of experience gained in the entire game.
 F = Experience gained in this place divided by the number of levels of this place that you have seen.
                   A       B       C       D       E      F
               +-------+-------+-------+-------+-------+----------------------
         Total | 100.0 | 100.0 | 100.0 | 100.0 | 100.0 | 20382.8
       Dungeon |  17.5 |  17.6 |  10.7 |  30.8 |   6.4 | 5054.8
          Lair |   7.5 |   6.1 |  50.0 |  15.4 |   4.1 | 9689.0
         Swamp |   5.7 |   5.9 |   0.0 |   0.0 |   5.7 | 16885.2
   Spider Nest |  10.4 |  10.7 |   3.6 |   0.0 |   8.6 | 25276.5
  Orcish Mines |   4.3 |   4.3 |   1.8 |   7.7 |   0.9 | 5540.5
   Elven Halls |   8.2 |   8.3 |   7.1 |   0.0 |  10.4 | 40923.0
        Vaults |  20.8 |  20.9 |  17.9 |  23.1 |  26.4 | 62313.6
         Crypt |  10.0 |  10.1 |   8.9 |   7.7 |  11.7 | 46166.7
        Depths |  10.4 |  10.8 |   0.0 |   7.7 |  16.2 | 47872.8
           Zot |   3.9 |   3.9 |   0.0 |   7.7 |   8.2 | 19393.2
         Abyss |   0.1 |   0.1 |   0.0 |   0.0 |   0.1 | 582.7
      Ziggurat |   1.1 |   1.2 |   0.0 |   0.0 |   1.3 | 3032.6
               +-------+-------+-------+-------+-------+----------------------
